 Dungeon Crawl Stone Soup version 0.30-a0-757-ga6a79fd877 (webtiles) character file.

Game seed: 4506290963180192002

13283034 iguanaiguana the Meteorologist (level 27, 199/199 HPs)
             Began as a Tengu Ice Elementalist on Feb 8, 2023.
             Was the Champion of Ashenzari.
             Escaped with the Orb
             ... and 15 runes on Feb 10, 2023!
             The game lasted 07:58:07 (120241 turns).

iguanaiguana the Meteorologist (TeIE)             Turns: 120241, Time: 07:58:07

Health: 199/199    AC: 30    Str: 11    XL:     27
Magic:  11/60      EV: 24    Int: 37    God:    Ashenzari [******]
Gold:   2124       SH: 20    Dex: 12    Spells: 0/80 levels left

rFire   + + +      SeeInvis +    U - staff of fire (curse) {Self, Evo}
rCold   + + +      Faith    .    Q - +5 kite shield "Omniscient Trepidation" {AC+3, Elem, Self} (curse)
rNeg    + + +      Spirit   +    S - +4 moon troll leather armour {Spirit, Regen++ MP+5, Alch, Evo} (curse)
rPois   ∞          Reflect  .    h - +2 hat "Thunder Perfect Mind" {Bglg, Alch} (curse)
rElec   +          Harm     .    v - scarf "Cosmic Visionary" {rC+ rF+, Cun, Self} (curse)
rCorr   +          Rampage  .    P - +3 pair of gauntlets of War {Slay+5, Fort, Elem} (curse)
Will    +++++      Clarity  +    (boots unavailable)
Stlth   +++                      x - amulet "Behold Eternity" {RegenMP rF+ rC+ Dex-5 Slay+2, Fort, Self} (curse)
HPRegen 2.13/turn                A - ring "Share My Relativism" {rElec rPois Int+6, Elem, Bglg} (curse)
MPRegen 0.77/turn                D - ring of Desmomancy {+Blink Will++ rCorr Int+6, Evo, Cun} (curse)

@: lich-form, flying quickly and evasively, studying 2 skills, quick
A: draining attack, torment immunity, no potions, flying, beak, talons 3, nimble
flight, iridescent scales 1, clarity, wild magic 1, MP-powered wands
0: Orb of Zot
}: 15/15 runes: serpentine, barnacled, slimy, silver, golden, iron, obsidian,
icy, bone, abyssal, demonic, glowing, magical, fiery, dark
a: End Transformation, Renounce Religion, Evoke Blink, Shatter the Chains


You escaped.
You worshipped Ashenzari.
Ashenzari was exalted by your worship.
You were an undead lich.
You visited 18 branches of the dungeon, and saw 88 of its levels.
You visited Pandemonium 5 times, and saw 12 of its levels.
You visited the Abyss 4 times.
You visited 1 ziggurat, and saw 18 of its levels.
You also visited: Trove, Ice Cave, Volcano and Desolation.

You collected 10400 gold pieces.
You spent 8276 gold pieces at shops.

Inventory:

Hand Weapons
 J - the +2 Maxwell's thermic engine {flame, freeze}
   (You found it on level 3 of the Tomb of the Ancients)

   It becomes more effective when it hits something.
   This effect fades over time.
Missiles
 e - 6 curare-tipped darts
 B - 4 throwing nets
 V - 7 silver javelins
Armour
 h - the cursed +2 hat "Thunder Perfect Mind" (worn) {Bglg, Alch}
   (You found it on level 3 of the Crypt)

   It has a curse which improves the following skills: Beguiling: Conjurations,
   Hexes and Translocations.
   Alchemy:   Poison Magic and Transmutations.
 v - the cursed scarf "Cosmic Visionary" (worn) {rC+ rF+, Cun, Self}
   (You acquired it on level 3 of the Depths)

   It has a curse which improves the following skills: Cunning: Dodging and
   Stealth.
   Introspection: Fighting and Spellcasting.
 P - the cursed +3 pair of gauntlets of War (worn) {Slay+5, Fort, Elem}
   (You found it on level 4 of the Snake Pit)

   Slay:      It affects your accuracy & damage with ranged weapons and melee
   (+5).
   It has a curse which improves the following skills: Fortitude: Armour and
   Shields.
   Elements:  Fire Magic, Ice Magic, Air Magic and Earth Magic.
 Q - the cursed +5 kite shield "Omniscient Trepidation" (worn) {AC+3, Elem, Self}
   (You took it off a naga warrior on level 2 of the Snake Pit)

   It has a curse which improves the following skills: Elements: Fire Magic, Ice
   Magic, Air Magic and Earth Magic.
   Introspection: Fighting and Spellcasting.
 S - the cursed +4 moon troll leather armour (worn) {Spirit, Regen++ MP+5, Alch, Evo}
   (You found it on level 18 of a ziggurat)

   MP:        It affects your magic capacity (+5).
   Regen:     It increases your rate of health regeneration.
   It has a curse which improves the following skills: Alchemy: Poison Magic and
   Transmutations.
   Evocations: Evocations.
Magical Staves
 U - a cursed staff of fire (weapon) {Self, Evo}
 W - a staff of air
Jewellery
 x - the cursed amulet "Behold Eternity" (around neck) {RegenMP rF+ rC+ Dex-5 Slay+2, Fort, Self}
   (You bought it in a shop on level 13 of the Dungeon)

   [amulet of magic regeneration]

   It increases your rate of magic regeneration.
   Dex:       It affects your dexterity (-5).
   Slay:      It affects your accuracy & damage with ranged weapons and melee
   (+2).
   rF:        It protects you from fire.
   rC:        It protects you from cold.
   It has a curse which improves the following skills: Fortitude: Armour and
   Shields.
   Introspection: Fighting and Spellcasting.
 A - the cursed ring "Share My Relativism" (left hand) {rElec rPois Int+6, Elem, Bglg}
   (You acquired it on level 1 of the Orcish Mines)

   [ring of intelligence]

   Int:       It affects your intelligence (+6).
   rElec:     It insulates you from electricity.
   rPois:     It protects you from poison.
   It has a curse which improves the following skills: Elements: Fire Magic, Ice
   Magic, Air Magic and Earth Magic.
   Beguiling: Conjurations, Hexes and Translocations.
 D - the cursed ring of Desmomancy (right hand) {+Blink Will++ rCorr Int+6, Evo, Cun}
   (You found it on level 2 of a ziggurat)

   [ring of intelligence]

   Int:       It affects your intelligence (+6).
   +Blink:    It lets you blink.
   rCorr:     It protects you from acid and corrosion.
   Will:      It greatly increases your willpower.
   It has a curse which improves the following skills: Evocations: Evocations.
   Cunning:   Dodging and Stealth.
Wands
 c - a wand of iceblast (10) {@v2}
 f - a wand of digging (2) {@v3}
 s - a wand of charming (35)
 N - a wand of light (3)
Scrolls
 j - 21 scrolls of teleportation {@r3}
 k - 3 scrolls of summoning
 p - 16 scrolls of vulnerability
 r - 8 scrolls of torment
 y - 5 scrolls of magic mapping {@r5}
 C - 3 scrolls of silence
 E - 8 scrolls of enchant armour
 F - 22 scrolls of immolation
 H - a scroll of blinking {@r4}
 I - 8 scrolls of poison
 R - 7 scrolls of fear
 T - 14 scrolls of fog
 Z - a scroll of amnesia
Potions
 d - 6 potions of magic
 i - 3 potions of berserk rage
 l - 6 potions of cancellation
 m - 9 potions of lignification
 n - 11 potions of mutation
 t - 5 potions of haste {@q4}
 u - 10 potions of heal wounds {@q2}
 w - 18 potions of curing {@q1}
 z - 8 potions of attraction
 K - 4 potions of ambrosia
 M - 8 potions of might {@q3}
 O - 6 potions of resistance {@q5}
 X - 10 potions of invisibility
Miscellaneous
 a - a phantom mirror
 b - a figurine of a ziggurat
 g - a condenser vane
 o - a lightning rod (4/4)
 G - a phial of floods
 L - a tin of tremorstones (2/2)
 Y - a box of beasts


   Skills:
 - Level 21.2(27) Fighting
 - Level 12.0 Staves
 - Level 16.0 Throwing
 - Level 18.8(22.5) Armour
 + Level 16.8(20.5) Dodging
 - Level 21.8(25.3) Stealth
 - Level 18.5(22.1) Shields
 - Level 21.2(27) Spellcasting
 - Level 23.6(27) Conjurations
 - Level 9.0 Summonings
 - Level 21.1 Necromancy
 - Level 3.0(6.2) Translocations
 - Level 14.0(17.8) Transmutations
 - Level 22.3(27) Fire Magic
 - Level 22.3(27) Ice Magic
 O Level 27 Air Magic
 - Level 10.0(15.1) Earth Magic
 - Level 15.8(20.8) Evocations


You couldn't memorise any spells.
You knew the following spells:

 Your Spells              Type           Power      Damage    Failure   Level
a - Polar Vortex          Ice            72%        N/A       1%          9
b - Iron Shot             Conj/Erth      66%        9d12      1%          6
c - Chain Lightning       Conj/Air       72%        3d96      1%          9
d - Lehudib's Crystal Sp  Conj/Erth      66%        10d15     1%          8
e - Spellforged Servitor  Conj/Summ      63%        N/A       1%          7
f - Maxwell's Capacitive  Air            72%        ∞         1%          8
g - Irradiate             Conj/Tmut      68%        3d34      1%          5
h - Passage of Golubria   Tloc           90%        N/A       1%          4
j - Necromutation         Tmut/Necr      77%        N/A       2%          8
k - Blink                 Tloc           100%       N/A       1%          2
l - Swiftness             Air            100%       N/A       1%          3
m - Fire Storm            Conj/Fire      85%        8d22      1%          9
z - Sublimation of Blood  Necr           100%       N/A       1%          2

Your spell library contained the following spells:

 Spells                   Type           Power      Damage    Failure   Level
 Foxfire                  Conj/Fire      100%       2x1d9     1%          1
 Freeze                   Ice            100%       1d10      1%          1
 Magic Dart               Conj           100%       1d8       1%          1
 Necrotise                Necr           100%       1d9       1%          1
 Sandblast                Erth           100%       2d20      1%          1
 Shock                    Conj/Air       100%       1d9       1%          1
 Slow                     Hex            100%       N/A       1%          1
 Sting                    Tmut/Pois      100%       1d8       1%          1
 Summon Small Mammal      Summ           100%       N/A       1%          1
 Call Imp                 Summ           100%       N/A       1%          2
 Cigotuvi's Dreadful Rot  Necr/Pois/Air  100%       N/A       1%          2
 Ensorcelled Hibernation  Hex/Ice        100%       N/A       1%          2
 Lesser Beckoning         Tloc           100%       N/A       1%          2
 Momentum Strike          Conj/Tloc      100%       3d10      1%          2
 Passwall                 Tmut/Erth      100%       N/A       1%          2
 Poisonous Vapours        Pois/Air       100%       N/A       1%          2
 Scorch                   Fire           100%       2d10      1%          2
 Searing Ray              Conj           100%       2d8       1%          2
 Static Discharge         Conj/Air       100%       2-7/arc   1%          2
 Wereblood                Tmut           100%       N/A       1%          2
 Call Canine Familiar     Summ           100%       N/A       1%          3
 Dazzling Flash           Conj/Hex       100%       N/A       1%          3
 Frozen Ramparts          Ice            100%       1d16      1%          3
 Gell's Gravitas          Tloc           90%        N/A       1%          3
 Hailstorm                Conj/Ice       100%       3d20      1%          3
 Ignite Poison            Fire/Tmut/Pois 100%       N/A       1%          3
 Inner Flame              Hex/Fire       100%       N/A       1%          3
 Kindle Blastsparks       Fire/Tloc/Air  100%       2d18      1%          3
 Mephitic Cloud           Conj/Pois/Air  100%       N/A       1%          3
 Ozocubu's Armour         Ice            100%       N/A       1%          3
 Portal Projectile        Hex/Tloc       100%       N/A       1%          3
 Spider Form              Tmut/Pois      100%       N/A       1%          3
 Stone Arrow              Conj/Erth      100%       3d13      1%          3
 Summon Guardian Golem    Hex/Summ       84%        N/A       1%          3
 Teleport Other           Tloc           90%        N/A       1%          3
 Vampiric Draining        Necr           100%       2d13      1%          3
 Vhi's Electric Charge    Tloc/Air       100%       N/A       1%          3
 Airstrike                Air            72%        2d(11-27) 1%          4
 Anguish                  Hex/Necr       65%        N/A       1%          4
 Animate Armour           Summ/Erth      100%       N/A       1%          4
 Animate Dead             Necr           100%       N/A       1%          4
 Dispel Undead            Necr           100%       3d31      1%          4
 Flame Wave               Conj/Fire      100%       2d21      1%          4
 Fulminant Prism          Conj/Hex       57%        3d24      1%          4
 Ice Form                 Ice/Tmut       100%       N/A       1%          4
 Iskenderun's Mystic Bla  Conj/Tloc      100%       2d19      1%          4
 Leda's Liquefaction      Hex/Erth       48%        N/A       1%          4
 Manifold Assault         Tloc           90%        N/A       1%          4
 Petrify                  Tmut/Erth      100%       N/A       1%          4
 Sticky Flame             Conj/Fire      100%       2d11      1%          4
 Summon Ice Beast         Ice/Summ       100%       N/A       1%          4
 Summon Lightning Spire   Summ/Air       100%       N/A       1%          4
 Agony                    Necr           100%       N/A       1%          5
 Arcjolt                  Conj/Air       72%        1d82      1%          5
 Blade Hands              Tmut           63%        N/A       1%          5
 Fireball                 Conj/Fire      85%        3d31      1%          5
 Freezing Cloud           Conj/Ice/Air   72%        6-21      1%          5
 Iskenderun's Battlesphe  Conj           100%       2d15      1%          5
 Lee's Rapid Deconstruct  Erth           59%        3d27*     1%          5
 Lightning Bolt           Conj/Air       72%        1d98      1%          5
 Metabolic Englaciation   Hex/Ice        57%        N/A       1%          5
 Silence                  Hex/Air        57%        N/A       1%          5
 Summon Forest            Summ/Tloc      47%        N/A       1%          5
 Yara's Violent Unravell  Hex/Tmut       50%        3d19      1%          5
 Conjure Ball Lightning   Conj/Air       72%        3x3d27    1%          6
 Death Channel            Necr           79%        N/A       1%          6
 Simulacrum               Ice/Necr       82%        N/A       1%          6
 Starburst                Conj/Fire      85%        6d22      1%          6
 Statue Form              Tmut/Erth      81%        N/A       1%          6
 Dragon Form              Tmut           63%        N/A       1%          7
 Orb of Destruction       Conj           72%        9d17      1%          7
 Ozocubu's Refrigeration  Ice            72%        4d23      1%          7
 Storm Form               Tmut/Air       68%        N/A       1%          7
 Borgnjor's Revivificati  Necr           79%        N/A       1%          8
 Ignition                 Fire           85%        3d22      1%          8
 Confusing Touch          Hex            63%        N/A       2%          3
 Tukima's Dance           Hex            63%        N/A       2%          3
 Haunt                    Necr/Summ      71%        N/A       2%          7
 Eringya's Noxious Bog    Tmut/Pois      50%        N/A       3%          6
 Summon Cactus Giant      Summ           50%        N/A       3%          6
 Summon Mana Viper        Hex/Summ       84%        N/A       4%          5
 Cause Fear               Hex            31%        N/A       7%          4
 Olgreb's Toxic Radiance  Pois           63%        N/A       7%          4
 Dispersal                Tloc           45%        N/A       10%         6
 Death's Door             Necr           79%        N/A       14%         9
 Monstrous Menagerie      Summ           50%        N/A       17%         7
 Summon Hydra             Summ           50%        N/A       17%         7
 Malign Gateway           Summ/Tloc      47%        N/A       28%         7
 Shatter                  Erth           59%        3d44*     82%         9
 Disjunction              Tloc           45%        N/A       97%         8
 Enfeeble                 Hex            31%        N/A       99%         7
 Discord                  Hex            31%        N/A       100%        8
 Dragon's Call            Summ           50%        N/A       100%        9


Dungeon Overview and Level Annotations

Branches:
Dungeon (15/15)            Temple (1/1) D:6            Lair (5/5) D:10
 Shoals (4/4) Lair:3        Snake (4/4) Lair:2        Slime (5/5) Lair:5
    Orc (2/2) D:11            Elf (3/3) Orc:2        Vaults (5/5) D:14
  Crypt (3/3) Vaults:2       Tomb (3/3) Crypt:3      Depths (4/4) D:15
   Hell (visited)             Dis (7/7) Hell            Geh (7/7) Hell
    Coc (7/7) Hell            Tar (7/7) Hell            Zot (5/5) Depths:4
  IceCv (visited)         Volcano (visited)         Desolation (visited)

Altars:
Ashenzari
Cheibriados
Dithmenos
Elyvilon
Fedhas
Gozag
Hepliaklqana
Kikubaaqudgha
Makhleb
Nemelex Xobeh
Okawaru
Qazlal
Ru
Sif Muna
Trog
Uskayaw
Vehumet
Wu Jian
Xom
Yredelemnul
Zin
The Shining One
Jiyva

Shops:
D:6 [   D:7 *   D:13 =   Orc:1 ([?   Orc:2 :*[(   Elf:1 =   Elf:3 !
Shoals:1 =   Snake:4 *=?!   Vaults:2 :=   Vaults:3 (   Zot:1 *   Depths:1 (:[

Portals:
Hell: Lair:5 Depths:1 Depths:2 Depths:3 Depths:4
Abyss: Depths:3
Pandemonium: Depths:2 Depths:3

Annotations:
Slime:5 1 exclusion
Dis:5 1 exclusion
Dis:7 1 exclusion
Coc:7 exclusion: ice statue
Tar:4 1 exclusion
Tar:5 4 runed doors
Zot:4 6 transporters


Innate Abilities, Weirdness & Mutations

You are an undead lich.
Your unarmed attacks are suffused with negative energy.
You are immune to unholy pain and torment.
Your necromantic spells are more powerful.
You cannot drink.
You are flying.
You are immune to poison.
You have a beak for a mouth.
You have claws for feet.
Your magical nature lets you fly swiftly and evasively.
You are partially covered in iridescent scales. (AC +2)
You possess an exceptional clarity of mind.
Your spells are a little harder to cast, but a little more powerful.
You expend magic power (3 MP) to strengthen your wands.


Message History

You are engulfed in whirling frost.
You are engulfed in whirling frost.
The winds around you calm down.
There is a staircase leading out of the dungeon here.
Casting: Polar Vortex (dangerous; 1% risk of failure)
Confirm with . or Enter, or press ? or * to list all spells.
Okay, then.
Aiming: Fire Storm (dangerous; 1% risk of failure)
Press: ? - help, Q - select action, (/) - cycle Dir - move target You feel a surge of power!
A raging storm of fire appears!
A hellion comes into view.
Aiming: Fire Storm (dangerous; 1% risk of failure)
Press: ? - help, Q - select action, (/) - cycle Dir - move target, f - hellion
Aim: a hellion You feel a surge of power!
A raging storm of fire appears!
The great blast of fire engulfs the hellion!!!!
You kill the hellion!
Aiming: Fire Storm (dangerous; 1% risk of failure)
Press: ? - help, Q - select action, (/) - cycle Dir - move target You feel a surge of power!
A raging storm of fire appears!
Aiming: Fire Storm (dangerous; 1% risk of failure)
Press: ? - help, Q - select action, (/) - cycle Dir - move target You feel a surge of power!
That beam is likely to hit you.
Continue anyway? [Y]es or [N]o only, please.
That beam is likely to hit you.
Continue anyway?
Okay, then.
Aiming: Fire Storm (dangerous; 1% risk of failure)
Press: ? - help, Q - select action, (/) - cycle Dir - move target You feel a surge of power!
A raging storm of fire appears!
The tree burns like a torch!
Aiming: Fire Storm (dangerous; 1% risk of failure)
Press: ? - help, Q - select action, (/) - cycle Dir - move target You feel a surge of power!
A raging storm of fire appears!
Aiming: Fire Storm (dangerous; 1% risk of failure)
Press: ? - help, Q - select action, (/) - cycle Dir - move target You feel a surge of power!
That beam is likely to hit you.
Continue anyway?
A raging storm of fire appears!
You have escaped!

...####...#.......#.....####.#...
.....##...#####...#.....##......#
.....##g.....##...#.....##......#
.....##...........####..........#
.....##.......°...v..○...#......#
.....##.........#○v.○v...#......#
................vv○○vv..........#
.............v...○○v###....######
.............v..Lvv☼#............
...............v....#.....#......
........{..○.°.°°...#.....#......
........###.○.v8.○.°#.....#......
#.......###vv.§°○.°○##...........
#.........#.○v°○°○v°#............
..........#v..°.°○.○#............
..........#....v.........##......
....).....##########.....##......


You could see 20 friendly fire vortices.

Vanquished Creatures
  Cerebov (Pan)
  Asmodeus (Geh:7)
  Antaeus (Coc:7)
  the Royal Jelly (Slime:5)
  Ereshkigal (Tar:7)
  Gloorx Vloq (Pan)
  Mnoleg (Pan)
  Lom Lobon (Pan)
  the Serpent of Hell (Geh:7)
  12 dread liches
  Dispater (Dis:7)
  5 ancient liches
  3 orbs of fire (Zot:5)
  11 juggernauts
  22 royal mummies
  11 shard shrikes
  Vashnia (Snake:3)
  10 Killer Klowns
  4 curse toes
  16 caustic shrikes
  16 golden dragons
  Geryon (Hell)
  Jory (Vaults:2)
  6 profane servitors
  16 Brimstone Fiends
  6 hellephants
  12 bone dragons
  4 iron giants (Dis:7)
  6 doom hounds
  8 Tzitzimimeh
  7 electric golems
  12 Hell Sentinels
  19 Ice Fiends
  16 tentacled monstrosities
  9 pandemonium lords
  25 Orb Guardians (Zot:5)
  8 tainted leviathans
  A walking crystal tome (Depths:3)
  A walking divine tome (Depths:2)
  2 walking frostbound tomes (Depths:3)
  32 searing wretches
  13 liches
  3 deep elf blademasters
  12 quicksilver dragons
  A walking earthen tome (Depths:3)
  Murray (Hell)
  3 deep elf master archers (Elf:3)
  15 titans
  28 ancient champions
  A kraken (Shoals:2)
  22 acid blobs
  7 tentacled starspawn (Abyss:4)
  Agnes (Snake:3)
  15 sphinxes
  6 death cobs
  12 Executioners
  A thorn hunter (Abyss:4)
  15 storm dragons
  Donald (Snake:4)
  Ilsuiw (Shoals:2)
  7 shadow dragons
  11 draconian monks
  12 tengu reavers
  26 azure jellies
  6 revenants
  9 draconian knights
  Roxanne (Elf:2)
  2 imperial myrmidons (Desolation)
  6 quicksilver elementals (Dis:7)
  9 iron dragons
  6 demonspawn warmongers
  19 narguns
  16 nagarajas
  21 frost giants
  15 fire giants
  12 rockslimes
  3 emperor scorpions (Zig:13)
  Louise (Shoals:3)
  8 deep elf sorcerers
  Aizul (Snake:4)
  34 balrugs
  A caustic shrike zombie (Crypt:2)
  9 draconian scorchers
  6 ghost moths
  5 draconian shifters (Zig:15)
  20 vault wardens
  10 shard shrike simulacra
  4 angels (Zot:3)
  3 spectral caustic shrikes
  2 deep elf elementalists (Elf:3)
  4 curse skulls
  2 caustic shrike skeletons
  11 draconian stormcallers
  32 very ugly things
  8 draconian annihilators
  4 demonspawn corrupters
  10 orc warlords
  An ophan (Abyss:4)
  5 demonspawn blood saints
  6 quicksilver oozes
  4 ironbound thunderhulks
  13 reapers
  21 war gargoyles
  6 ghouls (Crypt:1)
  23 cacodemons
  2 spriggan defenders (Depths:3)
  27 stone giants
  16 ironbound preservers
  2 stone giants (shapeshifter) (Zig:12)
  13 green draconians
  9 deep elf demonologists
  19 elemental wellsprings
  10 vampire knights
  A spectral titan (Tar:2)
  15 black draconians
  7 deep elf annihilators
  13 putrid mouths
  3 demonspawn black suns
  16 wendigos
  14 bennus
  18 purple draconians
  2 lorocyprocas
  13 red draconians
  9 dire elephants
  A halazid warlock (Desolation)
  13 white draconians
  7 spark wasps
  16 yellow draconians
  8 iron golems
  15 ettins
  7 blizzard demons
  31 mummy priests
  8 deep elf death magi
  10 green deaths
  9 merfolk javelineers
  4 crystal guardians
  10 merfolk impalers
  8 eidola
  9 deep elf high priests
  12 fire dragons
  An entropy weaver (shapeshifter) (D:15)
  30 vault guards
  7 entropy weavers
  13 great orbs of eyes
  A spectral fenstrider witch (Tar:1)
  4 ragged hierophants
  2 spectral spriggans
  4 jiangshi (Crypt:1)
  12 rakshasas
  14 ice dragons
  6 ogre magi
  A spriggan zombie (Abyss:2)
  4 hell beasts
  8 juggernaut simulacra
  16 caustic shrike simulacra
  4 hydras
  17 yaktaur captains
  A quicksilver dragon skeleton (Tomb:3)
  9 centaur warriors
  The ghost of Tausiryd the Cruncher, a journeyman DsMo of Nemelex Xobeh (Orc:1)
  10 peacekeepers
  A radroach (Zig:13)
  5 servants of whispers (Desolation)
  19 salamander tyrants
  An Orb Guardian zombie (Crypt:2)
  5 two-headed ogres
  3 death knights
  12 ironbound frosthearts
  3 merfolk avatars (Shoals:4)
  2 catoblepae (D:15)
  7 spriggan air magi
  3 boulder beetles
  14 anacondas
  A spectral stone giant (Geh:1)
  5 merfolk aquamancers
  A satyr (Abyss:4)
  7 tengu warriors
  9 stokers
  7 deep troll earth magi
  20 death scarabs
  13 naga warriors
  12 vampire magi
  24 hell hogs
  26 dancing weapons
  6 death yaks
  8 deep troll shamans
  7 orc high priests
  A spectral storm dragon (Geh:1)
  4 spriggan berserkers
  15 thrashing horrors (Abyss:4)
  6 crystal echidnas
  10 hell knights
  24 naga sharpshooters
  15 soul eaters
  41 sun demons
  12 shock serpents
  7 wretched stars
  35 skeletal warriors
  13 deep elf knights
  2 salamander mystics (Snake:4)
  A spectral catoblepas (Tar:1)
  18 shadow wraiths
  8 iron trolls
  2 pharaoh ants (Zig:13)
  43 deep trolls
  22 sixfirhies
  A spark wasp zombie (Crypt:2)
  6 quicksilver dragon simulacra
  An orb spider (Zig:13)
  A goliath frog (Depths:3)
  11 flayed ghosts
  3 obsidian statues
  9 spriggan simulacra
  An orb spider (shapeshifter) (Vaults:5)
  A swamp dragon (shapeshifter) (Abyss:4)
  15 sea snakes
  3 kraken simulacra
  7 glowing orange brains
  15 shadow demons
  A spectral hydra (Tar:1)
  8 naga ritualists
  14 deep elf archers
  25 wizards
  A bog body (Crypt:1)
  20 ironbound convokers
  2 bunyip skeletons (Crypt:3)
  2 anaconda skeletons (Pan)
  29 deep elf pyromancers
  4 steelbarb worms (Zig:13)
  10 necromancers
  28 deep elf zephyrmancers
  3 orange crystal statues
  11 lindwurms
  13 orc sorcerers
  10 starcursed masses
  13 phantasmal warriors
  A wolf spider (shapeshifter) (Zig:9)
  15 harpies
  A jorogumo zombie (Crypt:1)
  Pikel (D:5)
  11 orc knights
  2 sphinx zombies
  12 mana vipers
  3 stone giant zombies
  2 wolf spiders
  9 shining eyes
  12 cyclopes
  15 manticores
  A spectral merfolk (Tar:1)
  56 ugly things
  2 worldbinders (Abyss:4)
  6 ice statues
  2 sphinx skeletons
  A jorogumo skeleton (Crypt:3)
  A moth of wrath (shapeshifter) (Vaults:5)
  12 guardian serpents
  32 moths of wrath
  3 spectral centaurs
  A frost giant skeleton (Crypt:3)
  2 elephants (shapeshifter)
  15 fauns
  16 merfolk sirens
  29 large abominations
  2 naga zombies
  9 elephants
  7 water nymphs
  12 salamanders
  A human skeleton (Pan)
  5 apocalypse crabs
  A rust devil (Zig:14)
  A centaur zombie (Tomb:1)
  47 black mambas
  A guardian serpent (shapeshifter) (Depths:3)
  16 vault sentinels
  An eye of devastation (shapeshifter) (Vaults:1)
  20 naga magi
  10 molten gargoyles
  2 torpor snails (Zig:13)
  An iron dragon skeleton (Tomb:2)
  6 demonic crawlers
  2 naga skeletons
  11 cane toads
  24 smoke demons
  3 centaur skeletons
  24 orange demons
  A cane toad (shapeshifter) (Depths:3)
  An eye of devastation (Slime:5)
  Maggie (D:8)
  An orb spider zombie (Crypt:3)
  A gargoyle (D:14)
  2 unseen horrors
  8 rime drakes
  27 hellions
  8 freezing wraiths
  3 kobold demonologists
  7 efreet
  42 guardian mummies
  A harpy zombie (Tomb:3)
  An iron giant simulacrum (Coc:7)
  6 komodo dragons
  3 bunyip simulacra
  5 tengu conjurers
  27 yaktaurs
  6 anaconda simulacra
  8 ancient zymes
  A minotaur skeleton (Tomb:1)
  15 tormentors
  9 ice devils
  2 iron troll zombies
  4 red devils
  2 silent spectres (Tar:4)
  3 meliai
  4 spectral harpies
  10 trolls
  26 merfolk
  9 polar bears
  A wind drake (shapeshifter) (Vaults:3)
  Grinder (D:6)
  21 hellwings
  5 wind drakes
  A hornet (Depths:3)
  A radroach zombie (Crypt:1)
  3 harpy skeletons
  9 raiju (Abyss:4)
  2 tarantellas
  50 saltlings
  2 iron dragon simulacra (Coc:1)
  10 blink frogs
  9 snapping turtles
  5 dream sheep (Shoals:1)
  111 slime creatures
  3 stone giant simulacra
  Sigmund (D:5)
  48 flying skulls
  3 culicivoras
  18 ynoxinuls
  A jumping spider (Zig:13)
  A shadow (D:11)
  6 air elementals
  3 vampires
  3 wyverns
  11 wraiths
  2 nameless horrors
  15 water elementals
  An elf zombie (Vaults:1)
  3 fire bats (Abyss:4)
  Eustachio (D:6)
  2 basilisks
  A yak (shapeshifter) (Abyss:4)
  2 dire elephant simulacra
  3 fire elementals
  6 golden eyes
  59 yaks
  17 ushabtiu
  A black mamba skeleton (Pan)
  5 redbacks
  7 vampire mosquitoes
  18 chaos spawn
  A yaktaur simulacrum (Vaults:1)
  6 steam dragons
  Grum (D:9)
  17 neqoxecs
  A human simulacrum (Vaults:1)
  39 nagas
  A two-headed ogre zombie (Crypt:3)
  18 harpy simulacra
  8 wargs
  2 acid dragons
  A glowing shapeshifter zombie (Vaults:1)
  12 water moccasins
  An entropy weaver zombie (Crypt:2)
  An ogre zombie (Vaults:3)
  A glowing shapeshifter skeleton (Crypt:1)
  A deep troll skeleton (Crypt:2)
  4 hydra simulacra
  8 hell hounds
  4 black bears
  49 orc warriors
  3 sky beasts
  Pargi (D:3)
  A dream sheep zombie (Crypt:2)
  An ettin simulacrum (Coc:2)
  2 ice beasts
  2 human zombies (Vaults:1)
  15 ogres
  A tengu (shapeshifter) (Depths:4)
  3 boggarts (Vaults:1)
  14 centaurs
  A centaur (shapeshifter) (Depths:3)
  2 elephant zombies (Lair:3)
  18 wolves
  A dream sheep skeleton (Crypt:1)
  3 phantoms
  3 komodo dragon zombies
  4 kobold brigands
  9 bullfrogs
  5 earth elementals
  A necrophage (Crypt:1)
  3 gnoll sergeants
  2 scorpions
  7 naga simulacra
  3 wights (D:8)
  Dowan (D:7)
  A cyclops skeleton (Crypt:1)
  2 killer bees (D:7)
  2 elephant simulacra (Lair:1)
  7 electric eels
  A howler monkey (D:13)
  A shapeshifter skeleton (Crypt:3)
  2 hounds
  A jelly (Abyss:4)
  A basilisk zombie (Lair:3)
  19 orc priests
  2 gnoll boudas
  16 hell rats
  An iguana (D:4)
  45 orc wizards
  A boggart skeleton (Crypt:1)
  10 small abominations
  A tengu zombie (Crypt:2)
  An ogre skeleton (Crypt:2)
  52 mummies
  Robin (D:4)
  19 gnolls
  7 adders
  A shadow imp (D:8)
  2 white imps
  2 ufetubi (Abyss:4)
  2 lava snake skeletons
  5 worms
  4 dart slugs
  88 orcs
  5 ball pythons
  9 endoplasms
  6 giant cockroaches
  18 goblins
  18 hobgoblins
  9 jackals
  7 quokkas
  7 bats
  6 frilled lizards
  15 kobolds
  A rat (shapeshifter) (Vaults:5)
  4 rats
  A spectral orc (D:11)
  2 ball lightnings (Pan)
  5 briar patches (Abyss:4)
  2 bushes (Lair:4)
  2 butterflies (Zot:3)
  6 creeping infernos
  92 fire vortices
  3 lurking horrors (Abyss:4)
  2 pillars of salt (Zot:3)
  A plant (Shoals:4)
  10 starspawn tentacles (Abyss:4)
  4 tentacles (Shoals:2)
4215 creatures vanquished.

Vanquished Creatures (collateral kills)
  Khufu (Tomb:3)
  An ancient lich (Zig:10)
  A juggernaut (Zig:6)
  A royal mummy (Tomb:1)
  2 caustic shrikes
  4 golden dragons
  A Tzitzimitl (Tar:7)
  2 Ice Fiends
  2 tentacled monstrosities
  A Hell Sentinel (Dis:7)
  A titan (Depths:3)
  2 acid blobs (Slime:5)
  4 ancient champions
  A tentacled starspawn (Abyss:4)
  A walking frostbound tome (Depths:4)
  A sphinx (Depths:3)
  A draconian monk (Abyss:3)
  A storm dragon (Vaults:5)
  3 iron dragons
  An azure jelly (Slime:5)
  2 frost giants
  A fire giant (Depths:3)
  A quicksilver elemental (Dis:7)
  2 deep elf sorcerers (Vaults:5)
  A cacodemon (Pan)
  A shard shrike simulacrum (Coc:7)
  An angel (Abyss:3)
  A quicksilver ooze (Slime:5)
  4 war gargoyles (Dis:7)
  A very ugly thing (Depths:4)
  A vampire knight (Depths:4)
  A black draconian (Zig:8)
  2 iron golems (Dis:7)
  2 crystal guardians (Desolation)
  A rakshasa (Depths:3)
  A great orb of eyes (Slime:5)
  2 vault guards (Vaults:5)
  2 peacekeepers (Desolation)
  A satyr (Abyss:4)
  A deep troll earth mage (Depths:4)
  3 large abominations (Abyss:4)
  5 crystal echidnas (Dis:7)
  A spriggan (Depths:4)
  A wretched star (Abyss:4)
  A wizard (Depths:3)
  An obsidian statue (Zig:15)
  2 ironbound convokers
  A salamander (Snake:2)
  5 ugly things
  An elephant (Lair:1)
  Joseph (D:7)
  A demonic crawler (Depths:3)
  2 smoke demons (Volcano)
  2 tormentors
  An anaconda simulacrum (Coc:7)
  A merfolk (D:9)
  A freezing wraith (Vaults:5)
  A troll (D:10)
  3 polar bears (IceCv)
  A golden dragon simulacrum (Coc:7)
  A hornet (Depths:4)
  4 saltlings (Desolation)
  A centaur simulacrum (Coc:1)
  A vampire (Vaults:2)
  An ushabti (Tomb:1)
  A dire elephant simulacrum (Coc:2)
  5 golden eyes (Slime:5)
  2 yaks
  Edmund (D:5)
  A harpy simulacrum (Coc:1)
  3 water moccasins
  A hell hound (Lair:5)
  An orc warrior (Vaults:5)
  Duvessa (D:7)
  2 wolves
  A lemure (D:5)
  A phantom (D:5)
  A necrophage (D:6)
  A scorpion (D:5)
  2 killer bees (D:7)
  3 orc priests
  An iron imp (Abyss:3)
  2 iguanas
  10 mummies
  An adder (D:6)
  2 gnolls (D:11)
  10 orcs
  A hobgoblin (D:4)
158 creatures vanquished.

Vanquished Creatures (others)
  A caustic shrike simulacrum (Coc:7)
  A deep troll (Depths:1)
  A hellion (Geh:7)
  A guardian mummy (Tomb:2)
  A fire bat (shapeshifter) (Depths:3)
  A harpy simulacrum (Coc:5)
  A ball lightning (Pan)
  3 briar patches (Abyss:4)
  3 creeping infernos
  417 fire vortices
  36 fungi
  246 plants
  10 starspawn tentacles
  20 tentacles
  30 withered plants
772 creatures vanquished.

Grand Total: 5145 creatures vanquished

Notes
Turn   | Place    | Note
-------+----------+-------------------------------------------
     0 | D:1      | iguanaiguana the Tengu Ice Elementalist began the quest for
                  | the Orb.
     0 | D:1      | Reached XP level 1. HP: 10/10 MP: 4/4
   187 | D:1      | Reached XP level 2. HP: 15/15 MP: 4/6
   537 | D:1      | Reached XP level 3. HP: 14/19 MP: 3/7
  1163 | D:1      | Learned a level 3 spell: Frozen Ramparts
  1166 | D:1      | Learned a level 2 spell: Ensorcelled Hibernation
  1279 | D:2      | Reached XP level 4. HP: 24/24 MP: 2/8
  2508 | D:3      | Noticed Pargi
  2516 | D:3      | HP: 1/24 [Pargi (8)]
  2517 | D:3      | Killed Pargi
  2518 | D:3      | Reached skill level 5 in Ice Magic
  2518 | D:3      | Reached skill level 1 in Summonings
  2518 | D:3      | Gained mutation: Your magical nature lets you fly swiftly
                  | and evasively. [Tengu growth]
  2518 | D:3      | Reached XP level 5. HP: 1/28 MP: 1/9
  2518 | D:3      | Reached skill level 5 in Dodging
  2518 | D:3      | Reached skill level 5 in Spellcasting
  2518 | D:3      | Reached skill level 6 in Air Magic
  2518 | D:3      | Reached XP level 6. HP: 2/39 MP: 1/14
  2711 | D:3      | Learned a level 3 spell: Ozocubu's Armour
  2716 | D:3      | Learned a level 4 spell: Summon Ice Beast
  3455 | D:4      | Noticed a black bear
  3464 | D:4      | Reached XP level 7. HP: 37/44 MP: 9/15
  3544 | D:4      | Noticed Robin
  3557 | D:4      | Killed Robin
  3776 | D:4      | Found a white marble altar of Elyvilon.
  3778 | D:4      | Found a glowing golden altar of the Shining One.
  3779 | D:4      | Found a glowing silver altar of Zin.
  4511 | D:5      | Entered Level 5 of the Dungeon
  4611 | D:4      | Found a white marble altar of Elyvilon.
  4613 | D:4      | Found a glowing golden altar of the Shining One.
  4615 | D:4      | Found a glowing silver altar of Zin.
  5227 | D:5      | Noticed Sigmund
  5282 | D:5      | Reached XP level 8. HP: 48/48 MP: 16/16
  5357 | D:5      | Learned a level 4 spell: Airstrike
  5644 | D:5      | Noticed a troll
  5646 | D:5      | Identified a scroll of acquirement
  5647 | D:5      | Acquired the ring of Xom's Full Attention {Wiz rF+ Int+3
                  | SInv}
  5675 | D:5      | Noticed Edmund
  5678 | D:5      | Reached skill level 7 in Air Magic
  5696 | D:5      | Killed Edmund
  5770 | D:5      | Found a hide-covered altar of Uskayaw.
  5777 | D:5      | Found a broken altar of Ashenzari.
  5777 | D:5      | Noticed Pikel
  5788 | D:5      | Killed Pikel
  5789 | D:5      | Reached skill level 8 in Air Magic
  5789 | D:5      | Reached XP level 9. HP: 52/52 MP: 3/18
  5885 | D:5      | Found a shimmering blue altar of Sif Muna.
  5891 | D:5      | Became a worshipper of Ashenzari the Shackled
  5899 | D:5      | Found a hazy altar of Hepliaklqana.
  5904 | D:5      | Found a bloodstained altar of Trog.
  5909 | D:5      | Found a stormy altar of Qazlal.
  5914 | D:5      | Found a sacrificial altar of Ru.
  6053 | D:5      | Killed a troll
  6183 | D:5      | Killed Sigmund
  6317 | D:5      | Learned a level 3 spell: Swiftness
  6618 | D:6      | Found a basalt altar of Yredelemnul.
  6985 | D:6      | Found a staircase to the Ecumenical Temple.
  7053 | D:6      | Found an opulent altar of Gozag.
  7118 | D:6      | Noticed Eustachio
  7124 | D:6      | Killed Eustachio
  7125 | D:6      | Reached skill level 1 in Armour
  7288 | D:6      | Noticed Grinder
  7304 | D:6      | Killed Grinder
  7422 | D:6      | Found Quru's Antique Armour Emporium.
  7603 | D:7      | Found a shimmering altar of Xom.
  7660 | D:7      | Noticed Duvessa
  7679 | D:7      | Killed Duvessa
  7696 | D:7      | Noticed Dowan
  7794 | D:7      | Killed Dowan
  7947 | D:7      | Reached XP level 10. HP: 58/58 MP: 2/21
  8169 | D:7      | Reached skill level 5 in Fighting
  8347 | D:7      | Found Aklamor's Serpentskin Sales.
  8353 | D:7      | Bought a scroll of poison for 56 gold pieces
  8523 | D:7      | Noticed Joseph
  8711 | D:7      | Reached * piety under Ashenzari
  9061 | D:7      | Killed Joseph
  9879 | D:8      | Found an ancient bone altar of Kikubaaqudgha.
 10139 | D:8      | Noticed Maggie
 10163 | D:8      | Killed Maggie
 10641 | D:8      | Reached ** piety under Ashenzari
 10859 | D:8      | Found an ornate altar of the Wu Jian Council.
 11115 | D:9      | Reached skill level 1 in Conjurations
 11115 | D:9      | Reached skill level 1 in Fire Magic
 11208 | D:9      | Noticed Grum
 11319 | D:9      | Killed Grum
 11617 | D:9      | Learned a level 5 spell: Fireball
 12502 | D:9      | Reached XP level 11. HP: 71/71 MP: 6/24
 12759 | D:10     | Entered Level 10 of the Dungeon
 13018 | D:10     | Noticed a cyclops
 13049 | D:10     | Killed a cyclops
 13226 | D:10     | Reached skill level 1 in Shields
 13586 | D:10     | Found a staircase to the Lair.
 14117 | D:10     | Reached *** piety under Ashenzari
 14558 | D:11     | Found a staircase to the Orcish Mines.
 14560 | D:11     | Identified the +5 flail "Weysawk" {venom, rElec rF- Int-2
                  | Stlth+}
 14783 | D:11     | Noticed a white ugly thing
 14793 | D:11     | Killed a white ugly thing
 14794 | D:11     | Reached skill level 1 in Evocations
 15173 | D:11     | Noticed a two-headed ogre
 15212 | D:11     | Killed a two-headed ogre
 15434 | D:11     | Noticed a two-headed ogre
 15438 | D:11     | Killed a two-headed ogre
 15439 | D:11     | Reached skill level 5 in Conjurations
 15630 | D:11     | Found a basalt altar of Yredelemnul.
 15849 | Lair:1   | Entered Level 1 of the Lair of Beasts
 15858 | Lair:1   | Found a frozen archway.
 15920 | IceCv    | Entered an ice cave
 16180 | IceCv    | Reached skill level 5 in Fire Magic
 16499 | IceCv    | Reached XP level 12. HP: 76/76 MP: 17/25
 17994 | IceCv    | Reached skill level 10 in Conjurations
 18154 | IceCv    | Noticed a death yak
 18155 | IceCv    | Noticed a death yak
 18169 | IceCv    | Noticed an ironbound frostheart
 18173 | IceCv    | Noticed a death yak
 18180 | IceCv    | Noticed an ironbound frostheart
 18439 | IceCv    | Killed an ironbound frostheart
 18441 | IceCv    | Killed an ironbound frostheart
 18467 | IceCv    | Killed a death yak
 18603 | IceCv    | Killed a death yak
 18778 | IceCv    | Killed a death yak
 20071 | Lair:1   | Learned a level 6 spell: Starburst
 20231 | Lair:1   | Reached XP level 13. HP: 83/83 MP: 17/28
 22043 | Orc:1    | Entered Level 1 of the Orcish Mines
 22043 | Orc:1    | Found Wiz Gaec's Antique Weapon Emporium.
 22053 | Orc:1    | Reached skill level 10 in Fire Magic
 22364 | Orc:1    | Found a runed translucent gate.
 22366 | Orc:1    | Found Eloby's Magic Scroll Emporium.
 22490 | Orc:1    | Found a runed translucent gate.
 22491 | Orc:1    | Found a runed translucent gate.
 22573 | Orc:1    | Found Voaw Yxu's Antique Armour Emporium.
 22604 | Orc:1    | Noticed Tausiryd's ghost (journeyman DsMo)
 22866 | Orc:1    | Acquired the ring of Fexti {rElec rPois Int+6}
 23024 | D:7      | Bought the +5 swamp dragon scales of the Pleiades {rPois
                  | rN+} for 1206 gold pieces
 23184 | Orc:1    | Found Eloby's Magic Scroll Emporium.
 23229 | Orc:1    | Killed Tausiryd's ghost
 23349 | Orc:1    | Found Voaw Yxu's Antique Armour Emporium.
 23558 | Orc:2    | Entered Level 2 of the Orcish Mines
 23562 | Orc:2    | Found a dark tunnel.
 23570 | Volcano  | Entered a volcano
 24144 | Volcano  | Noticed a fire dragon
 24183 | Volcano  | Killed a fire dragon
 25208 | Orc:2    | Found a staircase to the Elven Halls.
 26154 | Orc:2    | Noticed an orc warlord
 26242 | Orc:2    | Killed an orc warlord
 26243 | Orc:2    | Reached skill level 15 in Conjurations
 26243 | Orc:2    | Reached XP level 14. HP: 52/88 MP: 0/29
 26627 | Orc:2    | Reached skill level 5 in Stealth
 28323 | Orc:2    | Found Zaing's General Store.
 28324 | Orc:2    | Found Plog's Book Shoppe.
 28326 | Orc:2    | Found Jouryith's Antique Armour Shoppe.
 28326 | Orc:2    | Found Igra's Antique Weapon Emporium.
 28988 | Lair:2   | Found a staircase to the Snake Pit.
 31187 | Lair:3   | Reached **** piety under Ashenzari
 31527 | Lair:3   | Found a staircase to the Shoals.
 32549 | Lair:4   | Reached skill level 5 in Armour
 32852 | Lair:4   | Reached ***** piety under Ashenzari
 33315 | Lair:5   | Entered Level 5 of the Lair of Beasts
 34202 | Lair:5   | Noticed a dire elephant
 34217 | Lair:5   | Killed a dire elephant
 34414 | Lair:5   | Found a staircase to the Slime Pits.
 34415 | Lair:5   | Found a viscous altar of Jiyva.
 34859 | Lair:5   | Acquired 685 gold pieces
 34953 | Lair:5   | Reached XP level 15. HP: 100/100 MP: 6/32
 35460 | Lair:5   | Reached skill level 10 in Fighting
 36053 | Lair:5   | Found a burning altar of Makhleb.
 36059 | Lair:5   | Found a gateway to Hell.
 36060 | Lair:5   | Identified the +1 dagger "Cyxoaduv" {freeze, rElec rPois
                  | Str-5 Int+3 SInv}
 36804 | D:12     | Found the +5 Force Lance {heavy, knockback}
 37547 | D:13     | Noticed Sonja
 37548 | D:13     | Sonja changed into Sonja the sky beast
 37548 | D:13     | Noticed Sonja
 37550 | D:13     | Killed Sonja the sky beast
 38625 | D:13     | Found Fegevi's Jewellery Boutique.
 38637 | D:13     | Bought the amulet "Zuoseisch" {RegenMP rF+ rC+ Dex-5
                  | Slay+2} for 635 gold pieces
 39109 | D:14     | Found a gate to the Vaults.
 39784 | D:14     | Found an opulent altar of Gozag.
 39865 | D:15     | Entered Level 15 of the Dungeon
 39889 | D:15     | Reached skill level 15 in Fire Magic
 40147 | D:15     | Reached XP level 16. HP: 110/112 MP: 14/35
 40181 | D:15     | Noticed Nessos
 40183 | D:15     | Nessos changed into Nessos the manticore
 40183 | D:15     | Noticed Nessos
 40185 | D:15     | Killed Nessos the manticore
 41051 | D:15     | Found a staircase to the Depths.
 41620 | Orc:2    | Bought the Unrestrained Analects for 616 gold pieces
 41622 | Orc:2    | Bought a book of Spatial Translocations for 288 gold pieces
 41631 | Orc:2    | Learned a level 8 spell: Ignition
 41791 | Snake:1  | Entered Level 1 of the Snake Pit
 43122 | Snake:1  | Found a broken altar of Ashenzari.
 43394 | Snake:2  | Learned a level 2 spell: Blink
 43433 | Snake:2  | Reached skill level 1 in Translocations
 44072 | Snake:2  | Reached XP level 17. HP: 97/118 MP: 11/38
 44334 | Snake:2  | Learned a level 7 spell: Ozocubu's Refrigeration
 45012 | Snake:3  | Reached skill level 10 in Ice Magic
 45050 | Snake:3  | Noticed Vashnia
 45069 | Snake:3  | Killed Vashnia
 45349 | Snake:3  | Noticed Agnes
 45358 | Snake:3  | Killed Agnes
 46322 | Orc:1    | Bought a scroll of enchant armour for 135 gold pieces
 46644 | Snake:4  | Entered Level 4 of the Snake Pit
 46911 | Snake:4  | Reached skill level 5 in Shields
 47185 | Snake:4  | Noticed Aizul
 47582 | Snake:4  | Reached XP level 18. HP: 122/122 MP: 18/38
 47645 | Snake:4  | Noticed a quicksilver dragon
 47671 | Snake:4  | Noticed a quicksilver dragon
 47674 | Snake:4  | Killed a quicksilver dragon
 47795 | Snake:4  | Killed a quicksilver dragon
 47821 | Snake:4  | Killed Aizul
 47942 | Snake:4  | Found Vanuc's General Store.
 47950 | Snake:4  | Bought a potion of brilliance for 64 gold pieces
 47971 | Snake:4  | Noticed Donald
 47974 | Snake:4  | Killed Donald
 48047 | Snake:4  | Found Rair's Distillery.
 48090 | Snake:4  | Found Bizxid's Magic Scroll Shop.
 48113 | Snake:4  | Found Ivehiacs's Jewellery Boutique.
 48125 | Snake:4  | Bought a potion of haste for 150 gold pieces
 48650 | Snake:4  | Got a serpentine rune of Zot
 48660 | Snake:4  | Found the +3 pair of gauntlets of War {Slay+5}
 48876 | Shoals:1 | Entered Level 1 of the Shoals
 48953 | Shoals:1 | Reached skill level 10 in Shields
 49070 | Shoals:1 | Identified the +5 rapier of Gopt {venom, rElec rCorr Dex-4}
 49105 | Shoals:1 | Found Amiopp's Jewellery Emporium.
 50305 | Shoals:2 | Noticed Ilsuiw
 50311 | Shoals:2 | Killed Ilsuiw
 50627 | Shoals:2 | Reached skill level 10 in Spellcasting
 51234 | Shoals:3 | Noticed Louise
 51240 | Shoals:3 | Killed Louise
 52178 | Shoals:4 | Entered Level 4 of the Shoals
 52428 | Shoals:4 | Reached XP level 19. HP: 125/125 MP: 26/40
 52531 | Shoals:4 | Got a barnacled rune of Zot
 54456 | Elf:1    | Entered Level 1 of the Elven Halls
 54583 | Abyss:2  | Found a corrupted altar of Lugonu.
 54583 | Abyss:2  | Cast into level 2 of the Abyss (a deep elf sorcerer)
 54869 | Abyss:3  | Noticed a dread lich
 54960 | Abyss:3  | Paralysed by a dread lich for 3 turns
 54972 | Abyss:3  | Noticed a Hell Sentinel
 54973 | Abyss:3  | Paralysed by a dread lich for 5 turns
 54995 | Abyss:3  | Paralysed by a dread lich for 2 turns
 54997 | Abyss:3  | Killed a dread lich
 55003 | Abyss:3  | Found a corrupted altar of Lugonu.
 55149 | Elf:1    | Escaped the Abyss
 55641 | Elf:1    | Found Ovvour's Jewellery Boutique.
 55797 | Elf:1    | Reached skill level 5 in Evocations
 56145 | Elf:2    | Reached skill level 1 in Earth Magic
 56278 | Elf:1    | Learned a level 6 spell: Iron Shot
 56509 | Elf:2    | Reached XP level 20. HP: 132/132 MP: 16/42
 56819 | Elf:2    | Noticed Roxanne
 56826 | Elf:2    | Killed Roxanne
 56827 | Elf:2    | Reached skill level 5 in Earth Magic
 57122 | Elf:2    | Found a huge runed translucent gate.
 57122 | Elf:2    | Found a huge runed translucent gate.
 57123 | Elf:2    | Found a huge runed translucent gate.
 57133 | Elf:2    | Found a huge runed translucent gate.
 57139 | Elf:2    | Found a huge runed translucent gate.
 57952 | Elf:3    | Entered Level 3 of the Elven Halls
 58800 | Elf:3    | Found Foxoezargh's Distillery.
 59166 | Elf:3    | Identified the ring of Eckoaxka {Wiz rF+ Str+3 Dex-2}
 59294 | Elf:3    | Identified the +4 trident "Tormentor" {spect, rElec rC+}
 59497 | Elf:3    | Identified the +3 double sword "Isimyof" {freeze, Int+5}
 59608 | Elf:3    | Identified the +2 steam dragon scales of the Elephant
                  | {rElec rF+ Will- Str+5}
 59725 | Elf:3    | Identified the Catalogue of Adjuration
 59879 | Elf:3    | Upgraded the game from 0.30-a0-743-gbfdf073431 to
                  | 0.30-a0-748-ge6a52f7cba
 60123 | D:13     | Bought the ring of Xom's Full Attention {rElec rN+ Will+
                  | rCorr} for 634 gold pieces
 60201 | Depths:1 | Entered Level 1 of the Depths
 60419 | Depths:1 | Identified the +7 scale mail of Dyspraxia {Fly Dex+4
                  | Slay-2}
 60443 | Depths:1 | Reached XP level 21. HP: 137/137 MP: 26/43
 60670 | Depths:1 | Found a one-way gateway to a ziggurat.
 61188 | Depths:1 | Reached skill level 15 in Shields
 61319 | Depths:1 | Found Wedinol's Armour Shop.
 61321 | Depths:1 | Found Odypnuvu's Book Boutique.
 61323 | Depths:1 | Found Dehyutto's Weapon Shop.
 61741 | Depths:1 | Found an ancient bone altar of Kikubaaqudgha.
 62024 | Depths:2 | Found a hide-covered altar of Uskayaw.
 62145 | Depths:2 | Paralysed by a sphinx for 5 turns
 62314 | Depths:2 | Found a hazy altar of Hepliaklqana.
 62315 | Depths:2 | Found a snail-covered altar of Cheibriados.
 62315 | Depths:2 | Found an opulent altar of Gozag.
 62919 | Depths:2 | Identified the +1 leather armour of the Thistle {+Inv
                  | Int+4}
 62919 | Depths:2 | Identified the Verses on the Flinty Band
 63477 | Depths:2 | Found a one-way gate leading to the halls of Pandemonium.
 63508 | Depths:2 | Identified the +3 rapier of No Interval {pain, Str+4 Int-2}
 63841 | Depths:2 | Noticed a juggernaut
 63851 | Depths:2 | Killed a juggernaut
 64017 | Depths:2 | Reached skill level 15 in Fighting
 64526 | Depths:3 | Found a one-way gate to the infinite horrors of the Abyss.
 64566 | Depths:3 | Noticed a juggernaut
 64572 | Depths:3 | Killed a juggernaut
 64573 | Depths:3 | Reached XP level 22. HP: 156/156 MP: 9/46
 64923 | Depths:3 | Found a runed translucent gate.
 64923 | Depths:3 | Found a runed translucent gate.
 64923 | Depths:3 | Found a runed translucent gate.
 65122 | Depths:3 | Noticed a golden dragon
 65378 | Depths:3 | Killed a golden dragon
 65648 | Depths:3 | Noticed a caustic shrike
 65658 | Depths:3 | Killed a caustic shrike
 65747 | Depths:3 | Noticed a juggernaut
 65755 | Depths:3 | Killed a juggernaut
 65756 | Depths:3 | Reached skill level 15 in Spellcasting
 65885 | Depths:3 | Noticed a golden dragon
 65965 | Depths:2 | Killed a golden dragon
 66130 | Depths:3 | Paralysed by a sphinx for 3 turns
 66295 | Depths:3 | Noticed a caustic shrike
 66825 | Depths:3 | Noticed a golden dragon
 66837 | Depths:3 | Killed a golden dragon
 66838 | Depths:3 | Killed a caustic shrike
 66925 | Depths:3 | Learned a level 7 spell: Spellforged Servitor
 67008 | Depths:3 | Noticed a golden dragon
 67014 | Depths:3 | Killed a golden dragon
 67352 | Depths:3 | Noticed a caustic shrike
 67374 | Depths:3 | Killed a caustic shrike
 67586 | Depths:3 | Noticed a golden dragon
 67763 | Depths:3 | Killed a golden dragon
 67927 | Depths:3 | Reached XP level 23. HP: 164/164 MP: 24/52
 68267 | Depths:3 | Reached skill level 10 in Stealth
 68275 | Depths:3 | Acquired a scarf of resistance
 68327 | Depths:4 | Entered Level 4 of the Depths
 69286 | Depths:4 | Reached skill level 15 in Stealth
 69606 | Depths:4 | Found a gate to the Realm of Zot.
 69868 | Depths:4 | Acquired 450 gold pieces
 70293 | Slime:1  | Entered Level 1 of the Pits of Slime
 70298 | Slime:1  | Reached skill level 10 in Dodging
 70305 | Slime:1  | Gained mutation: You are dopey. (Int -2) [a shining eye]
 71691 | Slime:5  | Entered Level 5 of the Pits of Slime
 72036 | Slime:5  | Found a viscous altar of Jiyva.
 72036 | Slime:5  | Noticed the Royal Jelly
 72082 | Slime:3  | Reached XP level 24. HP: 128/170 MP: 13/52
 72346 | Slime:5  | Killed the Royal Jelly
 72695 | Slime:5  | Identified Pyssaiv's Volume of Hexing and Companions
 72742 | Slime:5  | Got a slimy rune of Zot
 72753 | Slime:5  | Identified the ring of Idealism {Drain rC+ rCorr Str+4}
 72755 | Slime:5  | Identified the +6 great sword "Tengu's Peril" {freeze, rN+
                  | Dex+3}
 72757 | Slime:5  | Identified the ring "Saleich" {rPois rF+ Will+ Str+6}
 73190 | Vaults:1 | Entered Level 1 of the Vaults
 73376 | Vaults:1 | Reached skill level 15 in Ice Magic
 73632 | Vaults:1 | Found a portal to a secret trove of treasure.
 74173 | Shoals:1 | Bought the ring of the Hare {EV+10} for 1408 gold pieces
 74173 | Shoals:1 | Found the ring of the Hare {EV+10}
 76061 | Vaults:2 | Noticed Jory
 76073 | Vaults:2 | Killed Jory
 76584 | Vaults:2 | Found Sugujudi's Jewellery Shoppe.
 76709 | Vaults:2 | Found a staircase to the Crypt.
 77096 | Vaults:2 | Found Xuicev's Book Shoppe.
 77193 | Vaults:2 | Identified the +0 spear of Sequestration {spect, rN+}
 77530 | Vaults:3 | Found a crumbling gateway.
 77606 | Desolati | Entered the Desolation of Salt
 77615 | Desolati | Reached XP level 25. HP: 175/175 MP: 38/52
 78157 | Desolati | Found the +8 demon blade "Leech" {evervamp, Harm Drain rN+}
 78174 | Desolati | Identified the amulet "Oleleap" {Faith Fragile rPois Int+3
                  | SInv}
 78448 | Desolati | Identified the Atlas of Inconstant Hoarfrost
 78449 | Desolati | Identified the ring of Oenomania {rPois Will- Dex+5 Slay+4}
 78663 | Desolati | Identified the +0 robe "Duoqi" {Regen+ Int+3}
 78775 | Desolati | Identified the +1 robe "Doscheuc" {rPois rF- MP+9}
 78893 | Vaults:3 | Found Miheja Atse's Weapon Shop.
 79357 | Depths:1 | Bought a book of Ice for 874 gold pieces
 79367 | Depths:1 | Learned a level 9 spell: Polar Vortex
 81232 | Abyss:3  | Cast into level 3 of the Abyss (a wizard)
 81233 | Abyss:3  | Found a corrupted altar of Lugonu.
 81287 | Abyss:3  | Found a corrupted altar of Lugonu.
 81308 | Vaults:4 | Escaped the Abyss
 82029 | Vaults:4 | Reached skill level 1 in Transmutations
 82077 | Vaults:5 | Entered Level 5 of the Vaults
 82392 | Vaults:5 | Reached XP level 26. HP: 181/181 MP: 45/52
 82401 | Vaults:5 | Learned a level 6 spell: Statue Form
 82527 | Vaults:5 | Reached skill level 5 in Transmutations
 82535 | Vaults:5 | Got a silver rune of Zot
 82753 | Vaults:5 | Reached skill level 1 in Necromancy
 83018 | Vaults:5 | Reached skill level 5 in Necromancy
 83675 | Vaults:5 | Found the +5 consecrated labrys {holy, Valiant Fragile Fly
                  | SInv}
 84131 | Vaults:5 | Reached skill level 10 in Necromancy
 85597 | Temple   | Entered the Ecumenical Temple
 85889 | Depths:3 | Voluntarily entered the Abyss.
 85889 | Abyss:4  | Found a corrupted altar of Lugonu.
 86350 | Abyss:4  | Reached XP level 27. HP: 73/186 MP: 11/52
 86479 | Abyss:4  | Got an abyssal rune of Zot
 86501 | Depths:3 | Escaped the Abyss
 86720 | Zot:1    | Entered Level 1 of the Realm of Zot
 87149 | Zot:1    | Found Yparpheaps's Changing Room.
 88209 | Zot:2    | Reached skill level 10 in Transmutations
 88243 | Zot:2    | Reached skill level 15 in Necromancy
 89204 | Zot:1    | Learned a level 8 spell: Necromutation
 90806 | Zot:3    | Found a shimmering altar of Xom.
 90806 | Zot:3    | Found a shimmering altar of Xom.
 90807 | Zot:3    | Found a shimmering altar of Xom.
 90807 | Zot:3    | Found a glowing silver altar of Zin.
 90808 | Zot:3    | Found a shimmering altar of Xom.
 90808 | Zot:3    | Found a shimmering altar of Xom.
 90809 | Zot:3    | Found a shimmering altar of Xom.
 90809 | Zot:3    | Found a shimmering altar of Xom.
 90822 | Zot:3    | Found a shimmering altar of Xom.
 90822 | Zot:3    | Found a shimmering altar of Xom.
 91283 | Zot:4    | Found a transporter.
 91287 | Zot:4    | Found a transporter.
 91392 | Zot:4    | Identified the ring "Walesu Siep" {rElec rC+}
 91483 | Zot:4    | Found a transporter.
 92014 | Zot:4    | Found a transporter.
 92410 | Zot:4    | Found a transporter.
 92411 | Zot:4    | Found a transporter.
 92566 | Zot:5    | Entered Level 5 of the Realm of Zot
 93047 | Zot:5    | Noticed an orb of fire
 93058 | Zot:5    | Killed an orb of fire
 93348 | Zot:5    | Noticed a dread lich
 93355 | Zot:5    | Killed a dread lich
 93595 | Zot:5    | Noticed an orb of fire
 93611 | Zot:5    | Killed an orb of fire
 93614 | Zot:5    | Noticed an orb of fire
 93841 | Zot:5    | Killed an orb of fire
 93944 | Zot:5    | Noticed a dread lich
 93945 | Zot:5    | Noticed an ancient lich
 93945 | Zot:5    | Paralysed by a dread lich for 3 turns
 93953 | Zot:5    | Killed an ancient lich
 93955 | Zot:5    | Killed a dread lich
 94455 | Zot:5    | Noticed an ancient lich
 94456 | Zot:5    | Noticed an ancient lich
 94463 | Zot:5    | Killed an ancient lich
 94704 | Zot:5    | Killed an ancient lich
 94716 | Zot:5    | Noticed a dread lich
 94721 | Zot:5    | Killed a dread lich
 95242 | Pan      | Entered the realm of Cerebov.
 95242 | Pan      | Entered Pandemonium
 95418 | Pan      | Found the +6 sword of Cerebov {flame}
 95418 | Pan      | Noticed Cerebov
 95866 | Pan      | Identified the ring "Reggah" {rElec rF+ Will+ MP+9 Stlth+}
 95937 | Pan      | Killed Cerebov
 96246 | Pan      | Identified the ring "Diurots" {+Blink Int+6 Dex+2}
 96260 | Pan      | Got a fiery rune of Zot
 96271 | Pan      | Identified the Information on the Autopsy
 96275 | Pan      | Identified the +1 leather armour of Junoiman {rN+++ Will+
                  | rCorr Stlth-}
 96315 | Pan      | Identified the Anthology of the Guardian
 96315 | Pan      | Identified the +5 rapier of Megalomania {spect, Str+7
                  | Dex-4}
 96335 | Pan      | Identified the +3 demon trident "Paredi Neyh" {pain, rN++
                  | Str-4 Int+5}
 96374 | Pan      | Identified the +5 quarterstaff of Jocular Conscience {pain,
                  | rC++ rCorr Str+4}
 96384 | Pan      | Identified the +2 chain mail of the Narrow God {Rampage Fly
                  | rC- rN+ Will+}
 96384 | Pan      | Identified the +4 arbalest of Hududam {penet, rF+}
 96489 | Pan      | Identified the +6 great sword "Couddio" {heavy, Will+ Dex+4
                  | SInv}
 96592 | Pan      | Learned a level 9 spell: Fire Storm
 96653 | Pan      | Noticed Huce the pandemonium lord
 96722 | Depths:3 | Escaped Pandemonium
 97130 | Orc:1    | Bought a scroll of teleportation for 54 gold pieces
 97130 | Orc:1    | Bought a scroll of teleportation for 54 gold pieces
 97357 | Snake:4  | Bought a scroll of teleportation for 57 gold pieces
 97357 | Snake:4  | Bought a scroll of fear for 76 gold pieces
 97357 | Snake:4  | Bought a scroll of teleportation for 57 gold pieces
 97357 | Snake:4  | Bought a scroll of teleportation for 57 gold pieces
 97357 | Snake:4  | Bought a scroll of teleportation for 57 gold pieces
 97361 | Snake:4  | Bought a potion of cancellation for 120 gold pieces
 97361 | Snake:4  | Bought a potion of brilliance for 60 gold pieces
 97361 | Snake:4  | Bought 2 potions of resistance for 300 gold pieces
 97361 | Snake:4  | Bought a potion of mutation for 120 gold pieces
 97361 | Snake:4  | Bought a potion of ambrosia for 120 gold pieces
 97739 | Vaults:1 | You paid a toll of 13 scrolls of teleportation to enter a
                  | treasure trove
 97740 | Trove    | Entered a treasure trove
 97742 | Trove    | Identified the ring "Fuoc" {Will+ Dex+4 SInv}
 97742 | Trove    | Identified the amulet "Siruiq" {rPois rC+ Regen+ Dex+2}
 97743 | Trove    | Identified the amulet "Cucs" {Acrobat rC+ Will+ Dex+2}
 97743 | Trove    | Identified the ring "Ulloh" {rPois rF- MP+9 Str+6}
 97743 | Trove    | Identified the ring of Giduopsowa {rN+ rCorr AC+4 Dex+3}
 97888 | Crypt:1  | Entered Level 1 of the Crypt
 99343 | Crypt:2  | Identified the +0 robe "Deekhlopa" {rPois Regen+}
100321 | Crypt:3  | Entered Level 3 of the Crypt
100765 | Crypt:3  | Identified the ring of Teusatih {rN+ Will+ Str+6 Dex+3
                  | SInv}
100765 | Crypt:3  | Identified the ring "Kinugunu" {rPois rN+ Int+3}
100765 | Crypt:3  | Identified the ring "Xeiroff" {rC+ rN+}
101027 | Crypt:3  | Found a staircase to the Tomb.
101170 | Crypt:3  | Reached ****** piety under Ashenzari
101339 | Crypt:3  | Noticed a dread lich
101339 | Crypt:3  | Noticed a dread lich
101343 | Crypt:3  | Killed a dread lich
101344 | Crypt:3  | Killed a dread lich
101392 | Crypt:3  | Noticed a dread lich
101392 | Crypt:3  | Noticed a dread lich
101396 | Crypt:3  | Killed a dread lich
101396 | Crypt:3  | Killed a dread lich
101769 | Zot:1    | Bought a book of Alchemy for 476 gold pieces
101772 | Zot:1    | Learned a level 2 spell: Sublimation of Blood
101779 | Zot:1    | Learned a level 5 spell: Irradiate
101779 | Zot:1    | Lost mutation: You are dopey. (Int -2) [potion of mutation]
101779 | Zot:1    | Gained mutation: Your magical capacity is low. (-10% MP)
                  | [potion of mutation]
101780 | Zot:1    | Lost mutation: Your magical capacity is low. (-10% MP)
                  | [potion of mutation]
101780 | Zot:1    | Gained mutation: Your body sometimes deteriorates upon
                  | taking damage. [potion of mutation]
101781 | Zot:1    | Lost mutation: Your body sometimes deteriorates upon taking
                  | damage. [potion of mutation]
101781 | Zot:1    | Gained mutation: You are frail. (-10% HP) [potion of
                  | mutation]
101781 | Zot:1    | Gained mutation: Your flesh is heat resistant. (rF+)
                  | [potion of mutation]
101781 | Zot:1    | Gained mutation: Your spells are a little harder to cast,
                  | but a little more powerful. [potion of mutation]
101781 | Zot:1    | Gained mutation: You expend magic power (3 MP) to
                  | strengthen your wands. [potion of mutation]
101782 | Zot:1    | Lost mutation: You are frail. (-10% HP) [potion of
                  | mutation]
101782 | Zot:1    | Lost mutation: Your spells are a little harder to cast, but
                  | a little more powerful. [potion of mutation]
101782 | Zot:1    | Lost mutation: Your flesh is heat resistant. (rF+) [potion
                  | of mutation]
101782 | Zot:1    | Gained mutation: You are partially covered in iridescent
                  | scales. (AC +2) [potion of mutation]
101782 | Zot:1    | Gained mutation: You possess an exceptional clarity of
                  | mind. [potion of mutation]
101911 | Zig:1    | Entered Level 1 of a ziggurat
101996 | Zig:2    | Entered Level 2 of a ziggurat
101997 | Zig:2    | Identified the ring "Xeev" {+Blink Will++ rCorr Int+6}
102027 | Zig:3    | Entered Level 3 of a ziggurat
102073 | Zig:4    | Entered Level 4 of a ziggurat
102076 | Zig:4    | Identified the +1 scale mail of Evvoaff {Rampage Will++
                  | MP-9 Str+2}
102076 | Zig:4    | Identified the +10 scimitar of the Volcano {venom, Dex+3
                  | Stlth+}
102076 | Zig:4    | Identified the +11 hand axe of Doom {drain, rF+ rC+ MP+9
                  | Str+2}
102110 | Zig:5    | Entered Level 5 of a ziggurat
102231 | Zig:6    | Entered Level 6 of a ziggurat
102235 | Zig:6    | Noticed a juggernaut
102239 | Zig:6    | Killed a juggernaut
102302 | Zig:7    | Entered Level 7 of a ziggurat
102308 | Zig:7    | Noticed a dread lich
102308 | Zig:7    | Identified the Directory of Harmful Maleficent Rituals
102311 | Zig:7    | Killed a dread lich
102352 | Zig:8    | Entered Level 8 of a ziggurat
102359 | Zig:8    | Identified the Encyclopedia of Oromancy and Blasts
102380 | Zig:8    | Reached skill level 10 in Armour
102436 | Zig:9    | Entered Level 9 of a ziggurat
102447 | Zig:9    | Noticed a dread lich
102447 | Zig:9    | Noticed an ancient lich
102450 | Zig:9    | Killed a dread lich
102450 | Zig:9    | Killed an ancient lich
102478 | Zig:9    | Learned a level 8 spell: Maxwell's Capacitive Coupling
102490 | Zig:10   | Entered Level 10 of a ziggurat
102499 | Zig:10   | Noticed an ancient lich
102502 | Zig:10   | Identified the +6 flail "Mutuomoo" {vamp, rN+ Stlth+}
102504 | Zig:10   | Killed an ancient lich
102505 | Zig:10   | Reached skill level 10 in Air Magic
102574 | Zig:11   | Entered Level 11 of a ziggurat
102579 | Zig:11   | Noticed a juggernaut
102586 | Zig:11   | Reached skill level 11 in Air Magic
102586 | Zig:11   | Killed a juggernaut
102587 | Zig:11   | Identified the ring "Ruegh" {Int+6 Slay+2}
102613 | Zig:11   | Reached skill level 13 in Air Magic
102619 | Zig:12   | Entered Level 12 of a ziggurat
102626 | Zig:12   | Noticed Ogoxakotewk the pandemonium lord
102627 | Zig:12   | Noticed Kujiud the pandemonium lord
102628 | Zig:12   | Noticed Kiodonka the pandemonium lord
102628 | Zig:12   | Noticed Vehigha the pandemonium lord
102629 | Zig:12   | Killed Vehigha the pandemonium lord
102630 | Zig:12   | Noticed Zept the pandemonium lord
102631 | Zig:12   | Killed Kiodonka the pandemonium lord
102631 | Zig:12   | Killed Ogoxakotewk the pandemonium lord
102633 | Zig:12   | Killed Kujiud the pandemonium lord
102635 | Zig:12   | Killed Zept the pandemonium lord
102646 | Zig:12   | Paralysed by you for 3 turns
102661 | Zig:12   | Identified the +5 sling of Malaise {heavy, rC+}
102724 | Zig:13   | Entered Level 13 of a ziggurat
102756 | Zig:13   | Identified the amulet "Zeinoemo" {Faith rElec Int+4}
102835 | Zig:14   | Entered Level 14 of a ziggurat
102853 | Zig:14   | Noticed Suxtal the pandemonium lord
102853 | Zig:14   | Identified the amulet "Hint" {Spirit Dex+2}
102856 | Zig:14   | Killed Suxtal the pandemonium lord
102859 | Zig:14   | Reached skill level 1 in Throwing
102890 | Zig:14   | Identified the +5 glaive "Tunn" {flame, Str+2 Int+3}
103039 | Zig:15   | Entered Level 15 of a ziggurat
103072 | Zig:15   | Reached skill level 5 in Throwing
103406 | Zig:15   | Identified the +8 morningstar "Huykluol" {protect, MP-9
                  | Str+3 Int+5}
103407 | Zig:15   | Identified the +7 demon whip "Zenam" {flame, *Rage *Slow
                  | rCorr Dex+8}
103408 | Zig:15   | Identified the +1 helmet of Dam Rup {rCorr}
103488 | Zig:16   | Entered Level 16 of a ziggurat
103507 | Zig:16   | Identified the +8 mace "Sink" {drain, Will+ Dex+3 SInv
                  | Stlth+}
103507 | Zig:16   | Identified the Catalogue of Power and the Compass
103507 | Zig:16   | Identified the ring "Sithiy" {rElec rC+ rN+ Str+2}
103510 | Zig:16   | Identified the +1 hand axe of Past Mistakes {freeze, +Blink
                  | rF+++ MP+9}
103635 | Zig:17   | Entered Level 17 of a ziggurat
103647 | Zig:17   | Noticed a juggernaut
103648 | Zig:17   | Noticed a juggernaut
103652 | Zig:17   | Noticed a juggernaut
103652 | Zig:17   | Noticed a juggernaut
103653 | Zig:17   | Killed a juggernaut
103654 | Zig:17   | Reached skill level 10 in Throwing
103654 | Zig:17   | Killed a juggernaut
103655 | Zig:17   | Killed a juggernaut
103656 | Zig:17   | Killed a juggernaut
103755 | Zig:17   | Learned a level 9 spell: Chain Lightning
103767 | Zig:18   | Entered Level 18 of a ziggurat
103786 | Zig:18   | Reached skill level 14 in Air Magic
103787 | Zig:18   | Reached skill level 15 in Air Magic
103807 | Zig:18   | Reached skill level 16 in Air Magic
103834 | Zig:18   | Found the +4 moon troll leather armour {Spirit, Regen++
                  | MP+5}
103834 | Zig:18   | Identified the Omnibus of Anthracomancy and the Vector
104189 | Hell     | Entered the Vestibule of Hell
104189 | Hell     | Noticed Geryon
104195 | Hell     | Killed Geryon
104339 | Hell     | Reached skill level 17 in Air Magic
104457 | Hell     | Noticed Murray
104463 | Hell     | Killed Murray
104464 | Hell     | Reached skill level 18 in Air Magic
104742 | Hell     | Found a gateway to the Iron City of Dis.
104776 | Hell     | Found a gateway to the freezing wastes of Cocytus.
104966 | Hell     | Found a gateway to the decaying netherworld of Tartarus.
105112 | Hell     | Found a gateway to the ashen valley of Gehenna.
105275 | Coc:1    | Entered Level 1 of Cocytus
105280 | Coc:1    | Reached skill level 19 in Air Magic
105424 | Coc:2    | Reached skill level 20 in Air Magic
105905 | Coc:5    | Reached skill level 10 in Evocations
106562 | Coc:7    | Entered Level 7 of Cocytus
106878 | Coc:7    | Paralysed by a wendigo for 1 turns
107205 | Coc:7    | Paralysed by a wendigo for 1 turns
107250 | Coc:7    | Paralysed by a wendigo for 1 turns
107288 | Coc:7    | Reached skill level 15 in Evocations
107464 | Coc:7    | Upgraded the game from 0.30-a0-748-ge6a52f7cba to
                  | 0.30-a0-757-ga6a79fd877
107678 | Coc:7    | Identified the +5 hand axe of Lakhligu {drain, Int+3 Dex+2}
107682 | Coc:7    | Identified the +3 halberd "Undertaker" {flame, rPois Int+6}
107981 | Coc:7    | Noticed Antaeus
107998 | Coc:7    | Killed Antaeus
108090 | Coc:7    | Identified the +2 robe of Ycveg {Rampage rN+}
108099 | Coc:7    | Got an icy rune of Zot
108125 | Coc:7    | Reached skill level 21 in Air Magic
108276 | Pan      | Entered Pandemonium
108513 | Pan      | Found Ruleusan's Exquisite Manuscripts.
108514 | Pan      | Found an opulent altar of Gozag.
108517 | Pan      | Noticed a dread lich
108525 | Pan      | Killed a dread lich
108581 | Pan      | Found Ruleusan's Infernal Boutique.
108586 | Pan      | Noticed Ruleusan the pandemonium lord
108589 | Pan      | Killed Ruleusan the pandemonium lord
108610 | Pan      | Noticed a dread lich
108614 | Pan      | Killed a dread lich
108645 | Pan      | Found an opulent altar of Gozag.
108650 | Pan      | Found Ruleusan's Demonic Rune Stock.
108687 | Pan      | Found an opulent altar of Gozag.
108690 | Pan      | Bought a scroll of blinking for 150 gold pieces
108690 | Pan      | Bought a scroll of teleportation for 60 gold pieces
108690 | Pan      | Bought a scroll of teleportation for 60 gold pieces
108690 | Pan      | Bought a scroll of fog for 80 gold pieces
108693 | Pan      | Found Ruleusan's Fine Accessories.
108701 | Pan      | Bought a wand of digging (4) for 252 gold pieces
108716 | Depths:3 | Escaped Pandemonium
108756 | Pan      | Entered the realm of Mnoleg.
108756 | Pan      | Entered Pandemonium
108901 | Pan      | Noticed Mnoleg
108904 | Pan      | Killed Mnoleg
108949 | Pan      | Gained mutation: Your spells are a little harder to cast,
                  | but a little more powerful. [a cacodemon]
109062 | Pan      | Got a glowing rune of Zot
109418 | Pan      | Noticed Peujaw the pandemonium lord
109422 | Pan      | Killed Peujaw the pandemonium lord
109491 | Pan      | Got a demonic rune of Zot
109558 | Pan      | Noticed Lazem the pandemonium lord
109561 | Pan      | Killed Lazem the pandemonium lord
109619 | Depths:3 | Escaped Pandemonium
109678 | Pan      | Entered the realm of Lom Lobon.
109678 | Pan      | Entered Pandemonium
109794 | Pan      | Noticed Lom Lobon
109801 | Pan      | Killed Lom Lobon
109827 | Pan      | Got a magical rune of Zot
109965 | Depths:3 | Escaped Pandemonium
109967 | Pan      | Entered Pandemonium
109978 | Pan      | Entered the realm of Gloorx Vloq.
110156 | Pan      | Noticed Gloorx Vloq
110163 | Pan      | Killed Gloorx Vloq
110172 | Pan      | Got a dark rune of Zot
110363 | Pan      | Found an exit through the horrors of the Abyss.
110373 | Pan      | Took an exit into the Abyss.
110373 | Abyss:4  | Escaped into the Abyss
110396 | Depths:3 | Escaped the Abyss
110465 | Tar:1    | Entered Level 1 of Tartarus
110474 | Tar:1    | Reached skill level 1 in Staves
110722 | Tar:5    | Found a huge runed gate.
110722 | Tar:5    | Found a huge runed gate.
110760 | Tar:5    | Reached skill level 5 in Staves
110874 | Tar:5    | Found a huge runed gate.
110875 | Tar:5    | Found a huge runed gate.
110929 | Tar:7    | Entered Level 7 of Tartarus
111705 | Tar:7    | Reached skill level 10 in Staves
111795 | Tar:7    | Noticed Ereshkigal
111799 | Tar:7    | Killed Ereshkigal
111822 | Tar:7    | Got a bone rune of Zot
112048 | Geh:1    | Entered Level 1 of Gehenna
112487 | Tomb:1   | Entered Level 1 of the Tomb of the Ancients
113140 | Tomb:1   | Noticed a royal mummy
113143 | Tomb:1   | Killed a royal mummy
113243 | Tomb:1   | Noticed a royal mummy
113247 | Tomb:1   | Killed a royal mummy
113330 | Tomb:1   | Identified the +7 dagger of Symmetry {drain, rPois Will-
                  | Str+9 Int-4}
113330 | Tomb:1   | Noticed a royal mummy
113332 | Tomb:1   | Killed a royal mummy
113437 | Tomb:1   | Reached skill level 22 in Air Magic
113669 | Tomb:1   | Noticed a royal mummy
113671 | Tomb:1   | Killed a royal mummy
113776 | Tomb:2   | Noticed a royal mummy
113776 | Tomb:2   | Noticed a royal mummy
113776 | Tomb:2   | Noticed a royal mummy
113776 | Tomb:2   | Noticed a royal mummy
113785 | Tomb:2   | Killed a royal mummy
113795 | Tomb:2   | Killed a royal mummy
113797 | Tomb:2   | Killed a royal mummy
113797 | Tomb:2   | Killed a royal mummy
113988 | Tomb:1   | Noticed a royal mummy
113989 | Tomb:1   | Noticed a royal mummy
113992 | Tomb:1   | Killed a royal mummy
113995 | Tomb:1   | Noticed a royal mummy
113996 | Tomb:1   | Killed a royal mummy
113996 | Tomb:1   | Killed a royal mummy
114033 | Tomb:1   | Noticed a royal mummy
114035 | Tomb:1   | Killed a royal mummy
114103 | Tomb:1   | Noticed a royal mummy
114104 | Tomb:1   | Noticed a royal mummy
114109 | Tomb:1   | Killed a royal mummy
114111 | Tomb:1   | Killed a royal mummy
114178 | Tomb:1   | Noticed a royal mummy
114184 | Tomb:1   | Killed a royal mummy
114559 | Tomb:3   | Entered Level 3 of the Tomb of the Ancients
114572 | Tomb:3   | Identified the ring of Discretion {rC+ Int+3 SInv}
114573 | Tomb:3   | Noticed an ancient lich
114574 | Tomb:3   | Identified the +1 short sword "Dootsil" {freeze, Str+5
                  | Dex+4}
114579 | Tomb:3   | Killed an ancient lich
114596 | Tomb:3   | Noticed a royal mummy
114598 | Tomb:3   | Killed a royal mummy
114605 | Tomb:3   | Noticed a royal mummy
114608 | Tomb:3   | Killed a royal mummy
114695 | Tomb:3   | Noticed a royal mummy
114696 | Tomb:3   | Noticed a royal mummy
114699 | Tomb:3   | Killed a royal mummy
114699 | Tomb:3   | Killed a royal mummy
114700 | Tomb:3   | Reached skill level 15 in Throwing
114701 | Tomb:3   | Noticed a royal mummy
114704 | Tomb:3   | Killed a royal mummy
114742 | Tomb:3   | Found the +2 Maxwell's thermic engine {flame, freeze}
114743 | Tomb:3   | Identified the Omnibus of Nightshade and Nephomancy
114744 | Tomb:3   | Identified the ring "Kebruc" {AC+4 Str+3 Slay+3}
114757 | Tomb:3   | Identified the +7 morningstar of Omnypust {venom, SInv}
114800 | Tomb:3   | Identified the +5 ring mail of the Ladybird {*Slow rPois
                  | Int+8}
114841 | Tomb:3   | Noticed a royal mummy
114845 | Tomb:3   | Killed a royal mummy
114962 | Tomb:3   | Noticed a royal mummy
114966 | Tomb:3   | Killed a royal mummy
114991 | Tomb:3   | Noticed a royal mummy
114996 | Tomb:3   | Killed a royal mummy
115009 | Tomb:3   | Noticed Khufu
115011 | Tomb:3   | Killed Khufu
115166 | Tomb:3   | Got a golden rune of Zot
115730 | Geh:1    | Reached skill level 23 in Air Magic
116152 | Geh:7    | Entered Level 7 of Gehenna
116182 | Geh:7    | Reached skill level 24 in Air Magic
116296 | Geh:7    | Noticed the Serpent of Hell
116309 | Geh:7    | Killed the Serpent of Hell
116418 | Geh:7    | Reached skill level 25 in Air Magic
116473 | Geh:7    | Identified the +2 robe "Vulunkel" {rPois Int-4 Stlth-
                  | Archmagi}
116703 | Geh:7    | Found the +7 sceptre of Asmodeus
116703 | Geh:7    | Noticed Asmodeus
116711 | Geh:7    | Killed Asmodeus
116714 | Geh:7    | Reached skill level 26 in Air Magic
116839 | Geh:7    | Identified the +1 chain mail "Otum Agi" {Harm rCorr Str-2
                  | Int+4}
116848 | Geh:7    | Got an obsidian rune of Zot
116969 | Dis:1    | Entered Level 1 of the Iron City of Dis
116989 | Dis:1    | Learned a level 8 spell: Lehudib's Crystal Spear
116994 | Dis:1    | Learned a level 4 spell: Passage of Golubria
117232 | Dis:4    | Reached skill level 27 in Air Magic
117543 | Dis:7    | Entered Level 7 of the Iron City of Dis
117755 | Dis:7    | Noticed a juggernaut
117761 | Dis:7    | Killed a juggernaut
118622 | Dis:7    | Reached skill level 10 in Earth Magic
118731 | Dis:7    | Noticed a juggernaut
118744 | Dis:7    | Killed a juggernaut
118777 | Dis:7    | Noticed a juggernaut
118785 | Dis:7    | Killed a juggernaut
118800 | Dis:7    | Reached skill level 15 in Dodging
119208 | Dis:7    | Found the +4 staff of Dispater
119208 | Dis:7    | Noticed Dispater
119226 | Dis:7    | Killed Dispater
119231 | Dis:7    | Identified the Volume of Graupel
119238 | Dis:7    | Identified the amulet "Nilluq" {Reflect Str+2 SH+5}
119245 | Dis:7    | Got an iron rune of Zot
119575 | Zot:5    | Got the Orb of Zot
119685 | Zot:2    | Noticed Zirharuw the pandemonium lord
120241 | D:$      | Escaped with the Orb!

Illustrated notes

Levels and vault maps discovered:
D:1:      wander_arrival_lonely_grave, layout_basic, grunt_decor_mini_mirrors,
          grunt_decor_cap, minmay_box_of_dots
D:2:      layout_loops_ring, grunt_ministairs_4, minmay_nonomino_d4
D:3:      layout_basic, chequers_serial_rivers_small_3, uniq_pargi
D:4:      layout_basic, good_gods_temple_1, minmay_fractal_squares_diagonal_5,
          uniq_robin
D:5:      layout_rooms, grunt_temple_overflow_octagram, uniq_sigmund,
          uniq_pikel, uniq_edmund
D:6:      layout_rooms, mainiacjoe_overflow_brackets,
          mainiacjoe_overflow_24_doors, minmay_temple_entry_statues_pillars,
          serial_glass, glass_columns_a, glass_columns_b, serial_shops,
          kennysheep_mini, chequers_serial_rivers_room_b,
          corexii_hall_statues_t, chequers_serial_rivers_small_b,
          amcnicky_mini_rare_corridor_liquid, uniq_eustachio, uniq_grinder
D:7:      layout_loops_cross, xom_teletrap_fun, guppyfry_shop_venom,
          uniq_duvessa, uniq_joseph
D:8:      layout_loops_corners, mainiacjoe_overflow_swirl, lightli_minifort,
          uniq_maggie
D:9:      layout_long_grid, special_room [special_room_orc],
          hangedman_fish_farm, uniq_grum
D:10:     layout_layer_cave, erik_lair_orcish_takeover
D:11:     layout_cave_pods, minmay_orc_entry_temple_small,
          yredelemnul_forgotten_temple_becter
D:12:     layout_small_grid
D:13:     layout_cave_pools, serial_shops,
          nicolae_shop_temple_entry_statues_fountains, minmay_sticks_and_stones,
          uniq_sonja
D:14:     layout_basic, grunt_vaults_entry_fortified,
          nicolae_gozag_cash_rules_everything_around_me
D:15:     hangedman_depths_entry_civil_slaughter, layout_stronghold,
          chequers_serial_rivers_small_a, uniq_nessos
Temple:   nicolae_temple_ecumenical_triangle
Lair:1:   layout_concentric_octagons, portal_ice_cave_entry_ice_simulacra,
          grunt_megastairs_1
Lair:2:   layout_gridlike, guppyfry_snake_entry_garden
Lair:3:   pond_and_an_island_with_a_cottage, layout_hall_layers,
          elwin_shoals_entry_rocks, infiniplex_staircase_pool, lemuel_fruit_tree
Lair:4:   layout_regular_city, serial_forest, infiniplex_forest_straight_4,
          infiniplex_forest_clump_diagonal, infiniplex_forest_straight_3,
          infiniplex_forest_lined_corner, infiniplex_forest_lined_room_3,
          infiniplex_forest_end_3, infiniplex_forest_pool,
          infiniplex_forest_lined_1
Lair:5:   evil_forest, layout_cave_pods, slime_entry_1, serial_bayou_pond_d
Shoals:1: layout_shoals, minmay_shop_enchanted_jewellery
Shoals:2: layout_shoals, nicolae_shoals_drake_roost, uniq_ilsuiw
Shoals:3: layout_shoals, nicolae_shoals_lost_giant_pillars,
          nicolae_shoals_water_booths, uniq_louise
Shoals:4: shoals_end_grunt_ice, layout_shoals, shoals_ilsuiw_ice
Snake:1:  kennysheep_six_static_rooms, layout_gridlike, basic_altar,
          special_room
Snake:2:  layout_onion, grunt_megastairs_5
Snake:3:  layout_rooms, uniq_vashnia, uniq_agnes
Snake:4:  hellmonk_snake_rune_quicksilver_temple, layout_rooms, serial_shops,
          nicolae_shop_behind_doors, nicolae_wooded_promenade,
          nicolae_snake_biting_tails, uniq_aizul, uniq_donald
Slime:1:  layout_caves
Slime:2:  layout_caves, nicolae_slime_phagocytosis
Slime:3:  layout_caves
Slime:4:  layout_caves, nicolae_slime_barrier
Slime:5
Orc:1:    layout_diamond_mine, serial_shops, shop_statue, shop_statue,
          shop_statue, ebering_ghost_rock_garden
Orc:2:    st_orc_congregation, layout_diamond_mine,
          nicolae_volcano_entry_hallway, nicolae_orc_stony_grotto
Elf:1:    layout_geoelf_octagon, serial_shops, shop,
          kennysheep_underground_church
Elf:2:    elven_hall_of_blades_hangedman_alternative
          [nicolae_blade_entry_crossed_weapons], layout_gridlike, uniq_roxanne
Elf:3:    minmay_elf_hall_not_hex, layout_onion_city, serial_shops,
          nicolae_shop_window_shopping
Vaults:1: nicolae_vaults_border_crossing, grunt_vaults_hallway_short,
          grunt_vaults_hallway_long, nicolae_vaults_theta,
          ontoclasm_vaults_fault, nicolae_vaults_halls_meeting,
          grunt_vaults_twisty, nicolae_vaults_asterisk, vaults_room_pools,
          nicolae_vaults_windows_and_doors_thing, hangedman_vaults_slice,
          layout_vaults_omnigrid, trove_entry_hex_spiral
Vaults:2: minmay_crypt_entry_vampire_xt, vaults_room_fours,
          nicolae_vaults_shelves_hall, ontoclasm_vaults_shuriken,
          ontoclasm_vaults_gateway, vaults_room_fours,
          hangedman_vaults_restitches, v_misc_29, v_misc_17,
          hangedman_vaults_nails, v_alt_pattern_2, vaults_room_semicircle,
          nicolae_vaults_murderbox, nicolae_vaults_diagonal_hallway_6,
          layout_vaults_ring, serial_shops, shop, shop_statue, uniq_jory,
          uniq_margery
Vaults:3: portal_desolation_entry_nicolae_nacl, hangedman_vaults_slither,
          v_pattern_2, v_misc_25, v_misc_24, v_misc_27, nicolae_vaults_theta,
          hangedman_vaults_corner, hangedman_vaults_locks, grunt_vaults_funnel,
          vaults_room_door_ring, nicolae_vaults_little_squares_3, st_squares,
          layout_vaults_maze_snakey, serial_shops, nicolae_shop_waterfront
Vaults:4: v_rooms_2, vaults_room_pool, v_misc_3,
          vaults_mumra_minichess_inversion, vaults_room_large_hall,
          nicolae_vaults_network_barrier, nicolae_vaults_disjoint_gnomons,
          v_misc_33, ontoclasm_vaults_claustrophobia,
          nicolae_vaults_little_squares_6, ontoclasm_vaults_pinch,
          grunt_vaults_diagonal, layout_vaults_omnibox
Vaults:5: serial_shops
Crypt:1:  layout_chaotic_city, grunt_megastairs_3
Crypt:2:  layout_misc_corridors, st_vampire_maze
Crypt:3:  david_glass_crypt, layout_gridlike, tomb_entry_forgotten_bobbens,
          nicolae_crypt_little_mausoleum
Tomb:1
Tomb:2
Tomb:3
Depths:1: layout_gridlike, enter_ziggurat_e, serial_corexii_hall,
          corexii_hall_statues_i, corexii_hall_statues_s,
          corexii_hall_statues_i, corexii_hall_statues_x,
          grunt_hell_entry_dis_mu, kiku_gazebo_garden_becter, minmay_shop_star,
          firewood_loft
Depths:2: minmay_the_grid_octo_tiled_octocenter_mashed
          [minmay_the_grid_octo_teeth, minmay_the_grid_octo_checkered,
          minmay_the_grid_octo_shrine, minmay_the_grid_octo_focus,
          minmay_the_grid_octo_prize_ultimate_mussel_roller,
          minmay_the_grid_square_5x5_beaten_path,
          minmay_the_grid_square_5x5_plus,
          minmay_the_grid_square_5x5_intrusive_squares,
          minmay_the_grid_square_5x5_bridge], layout_gridlike, grunt_hell_horde,
          rand_demon_pan_entry_7, serial_bayou_pond_b,
          minmay_staircase_windowed_small
Depths:3: minmay_octagon_city, layout_gridlike, grunt_pan_entry_zigzag,
          reono_crystal_passage, hangedman_coc_ice_floe, abyss_entry,
          pandoras_box_mu
Depths:4: grunt_zot_entry_tricorne, layout_cave_shapes, hangedman_geh_valley
Hell
Dis:1:    layout_overlapping_boxes, nicolae_dis_distal_crystal
Dis:2:    layout_gridville, hangedman_dis_decor_tower
Dis:3:    layout_subdivisions, nicolae_dis_metal_dragon_surprise
Dis:4:    layout_overlapping_boxes
Dis:5:    layout_overlapping_boxes, evilmike_ambush
          [evilmike_ambush_outer_pillars, evilmike_ambush_inner_wall_2]
Dis:6:    layout_subdivisions
Dis:7:    dis_grunt_layers
Geh:1:    layout_gehenna_pools_triple, nicolae_geh_niches_of_the_damned
Geh:2:    layout_gehenna_pools_basic
Geh:3:    layout_gehenna_pools_triple
Geh:4:    layout_gehenna_pools_triple, nicolae_geh_single_fiery_grave
Geh:5:    layout_gehenna_pools_box
Geh:6:    layout_gehenna_lava_caves
Geh:7:    geh_grunt_pentagon
Coc:1:    layout_cocytus_delve
Coc:2:    layout_cocytus_delve
Coc:3:    layout_cocytus_delve
Coc:4:    layout_cocytus_water_paths
Coc:5:    layout_cocytus_water_paths
Coc:6:    layout_cocytus_delve
Coc:7:    coc_hangedman
Tar:1:    layout_grid_maze, nicolae_tar_spectre_spectrum
Tar:2:    layout_catacombs
Tar:3:    layout_grid_maze
Tar:4:    layout_grid_maze
Tar:5:    layout_grid_maze, door_vault
Tar:6:    layout_honeycomb
Tar:7:    tar_old
Zot:1:    layout_gridlike, nicolae_transmutations_shop
Zot:2:    layout_basic, lemuel_golem_globe
Zot:3:    dreamdust_zin_vs_xom, layout_onion_interference
Zot:4:    layout_onion, serial_nicolae_subway, nicolae_sub_station_crystal,
          nicolae_sub_station_metal, nicolae_sub_station_stone
Zot:5:    layout_onion

Skill      XL: |  1  2  3  4  5  6  7  8  9 10 11 12 13 14 15 16 17 18 19 20 21 22 23 24 25 26 27 |
---------------+----------------------------------------------------------------------------------+-----
Stealth        | 3 4 7 8 15 21 | 21.8
Ice Magic      | 4 5 6 8 12 13 18 21 22 | 22.3
Summonings     | 1 8 9 |  9.0
Fighting       | 4 7 9 11 12 16 17 21 | 21.2
Dodging        | 5 8 9 12 16 | 16.8
Spellcasting   | 5 7 8 9 11 13 18 21 | 21.2
Air Magic      | 6 8 27 | 27.0
Armour         | 4 6 7 18 | 18.8
Conjurations   | 3 7 12 15 23 | 23.6
Fire Magic     | 3 5 8 11 15 16 18 22 | 22.3
Shields        | 4 7 12 13 18 | 18.5
Evocations     | 4 5 15 | 15.8
Translocations | 3 |  3.0
Earth Magic    | 3 5 10 | 10.0
Transmutations | 3 8 14 | 14.0
Necromancy     | 12 21 | 21.1
Throwing       | 16 | 16.0
Staves         | 12 | 12.0

Action                     |  1- 3 |  4- 6 |  7- 9 | 10-12 | 13-15 | 16-18 | 19-21 | 22-24 | 25-27 || total
---------------------------+-------+-------+-------+-------+-------+-------+-------+-------+-------++-------
  Melee: Spear             |     9 |    69 |       |       |       |       |       |       |       ||    78
         Whip              |     1 |       |       |       |       |       |       |       |       ||     1
         Kick              |       |    12 |    20 |    94 |    61 |    14 |     6 |    32 |   579 ||   818
         Peck              |       |     8 |    11 |    54 |    28 |     6 |     4 |    21 |   329 ||   461
         Punch             |       |     1 |     2 |     2 |       |       |       |       |       ||     5
         Dagger            |       |     4 |    62 |   221 |       |       |       |       |       ||   287
         Staff             |       |       |       |    10 |   117 |    36 |    24 |    70 |   973 ||  1230
   Fire: Arbalest          |       |       |    17 |       |       |       |       |       |       ||    17
  Throw: Dart              |       |     2 |     1 |    17 |     5 |     1 |       |     2 |     2 ||    30
         Boomerang         |       |       |       |     2 |     2 |       |       |       |       ||     4
         Throwing net      |       |       |       |       |       |     2 |     1 |       |       ||     3
         Javelin           |       |       |       |       |       |       |     1 |       |     8 ||     9
   Cast: Freeze            |    60 |    54 |     9 |       |       |       |     1 |       |       ||   124
         Frozen Ramparts   |       |     4 |    18 |    24 |    18 |     5 |       |     1 |       ||    70
         Ozocubu's Armour  |       |     2 |    10 |    18 |    15 |     2 |       |       |       ||    47
         Summon Ice Beast  |       |       |    28 |    46 |    11 |     1 |       |     3 |     3 ||    92
         Airstrike         |       |       |    24 |   191 |     6 |     6 |    28 |       |       ||   255
         Fireball          |       |       |       |    57 |   434 |   309 |   102 |    88 |       ||   990
         Starburst         |       |       |       |       |    46 |    49 |    60 |    34 |     5 ||   194
         Ozocubu's Refrige |       |       |       |       |       |   167 |   328 |   320 |   281 ||  1096
         Ignition          |       |       |       |       |       |    32 |    54 |    95 |   189 ||   370
         Iron Shot         |       |       |       |       |       |       |    51 |    93 |   170 ||   314
         Spellforged Servi |       |       |       |       |       |       |       |    29 |    51 ||    80
         Blink             |       |       |       |       |       |       |       |     2 |     2 ||     4
         Polar Vortex      |       |       |       |       |       |       |       |       |   306 ||   306
         Statue Form       |       |       |       |       |       |       |       |       |     2 ||     2
         Fire Storm        |       |       |       |       |       |       |       |       |   446 ||   446
         Necromutation     |       |       |       |       |       |       |       |       |   194 ||   194
         Chain Lightning   |       |       |       |       |       |       |       |       |   182 ||   182
         Sublimation of Bl |       |       |       |       |       |       |       |       |   179 ||   179
         Lehudib's Crystal |       |       |       |       |       |       |       |       |   114 ||   114
         Irradiate         |       |       |       |       |       |       |       |       |     6 ||     6
         Swiftness         |       |       |       |       |       |       |       |       |     2 ||     2
         Maxwell's Capacit |       |       |       |       |       |       |       |       |     2 ||     2
 Invoke: Curse Item        |       |       |     1 |     4 |     4 |     1 |     2 |     1 |     5 ||    18
         Shatter the Chain |       |       |       |       |     2 |     2 |     1 |     1 |     3 ||     9
Ability: End Transformatio |       |       |       |       |       |       |       |       |    55 ||    55
         Evoke Blink       |       |       |       |       |       |       |       |       |     1 ||     1
  Evoke: Wand              |       |       |       |    10 |    13 |     8 |    15 |     2 |    29 ||    77
         Tin of tremorston |       |       |       |       |     1 |     2 |     5 |     3 |     6 ||    17
         Phantom mirror    |       |       |       |       |       |     2 |     1 |     3 |     4 ||    10
         Lightning rod     |       |       |       |       |       |       |     1 |       |     5 ||     6
         Condenser vane    |       |       |       |       |       |       |       |     2 |     2 ||     4
    Use: Scroll            |     4 |     2 |     6 |     3 |     5 |     3 |    13 |     6 |    44 ||    86
         Potion            |     1 |     3 |     3 |       |       |       |    14 |       |    56 ||    77
   Stab: Sleeping          |     2 |    12 |     7 |     1 |       |       |       |     1 |     3 ||    26
         Distracted        |       |       |     1 |     1 |       |       |     1 |     1 |     1 ||     5
         Invisible         |       |       |       |       |     1 |       |       |       |       ||     1
 Armour: Robe              |     9 |     7 |       |    11 |       |       |       |       |       ||    27
         Troll leather arm |       |     4 |    20 |    26 |       |       |       |       |   289 ||   339
         Skin              |       |       |       |     2 |       |       |       |       |    14 ||    16
         Swamp dragon scal |       |       |       |       |    90 |    71 |   107 |    83 |   336 ||   687
  Dodge: Dodged            |    36 |    52 |    78 |   221 |   159 |    93 |    79 |   116 |  1061 ||  1895
  Block: Other             |       |       |    13 |    19 |       |       |       |       |       ||    32
         Reflection        |       |       |     2 |     2 |    19 |       |       |       |       ||    23
         Buckler           |       |       |       |   105 |   166 |    19 |       |       |       ||   290
         Kite shield       |       |       |       |       |       |    69 |   159 |   245 |  1775 ||  2248

Table legend: (Time is in decaauts)
 A = Elapsed time spent in this place.
 B = Non-inter-level travel time spent in this place.
 C = Inter-level travel time spent in this place.
 D = Time resting spent in this place.
 E = Time spent auto-exploring this place.
 F = Levels seen in this place.
 G = Mean time per level.
                   A        B        C        D        E       F      G
               +--------+--------+--------+--------+--------+-----+--------+
         Total | 114661 | 104431 |  10230 |  21138 |  56108 | 128 |  895.8 |
       Dungeon |  23477 |  20585 |   2892 |   2734 |  14300 |  15 | 1565.1 |
        Temple |     43 |     30 |     13 |      0 |     27 |   1 |   43.0 |
          Lair |  10676 |   9397 |   1279 |   2087 |   5736 |   5 | 2135.2 |
        Shoals |   5196 |   4976 |    220 |    404 |   3859 |   4 | 1299.0 |
     Snake Pit |   6455 |   5948 |    507 |   1486 |   3392 |   4 | 1613.8 |
    Slime Pits |   2958 |   2699 |    259 |    804 |   1261 |   5 |  591.6 |
  Orcish Mines |   5376 |   4898 |    478 |    764 |   3212 |   2 | 2688.0 |
   Elven Halls |   4674 |   4475 |    199 |    476 |   3147 |   3 | 1558.0 |
        Vaults |  10031 |   8445 |   1586 |    488 |   6135 |   5 | 2006.2 |
         Crypt |   3514 |   3113 |    401 |    362 |   2078 |   3 | 1171.3 |
          Tomb |   2699 |   2398 |    301 |    299 |    962 |   3 |  899.7 |
        Depths |  10987 |   9829 |   1158 |   2627 |   5505 |   4 | 2746.8 |
          Hell |    910 |    732 |    178 |     67 |    460 |   1 |  910.0 |
           Dis |   2218 |   2154 |     64 |    863 |      0 |   7 |  316.9 |
       Gehenna |   1115 |   1037 |     78 |     92 |      0 |   7 |  159.3 |
       Cocytus |   2779 |   2713 |     66 |    486 |   1127 |   7 |  397.0 |
      Tartarus |   1430 |   1430 |      0 |    343 |      0 |   7 |  204.3 |
           Zot |   8048 |   7504 |    544 |   2772 |   3089 |   5 | 1609.6 |
         Abyss |   1256 |   1256 |      0 |    230 |      0 |   6 |  209.3 |
   Pandemonium |   3242 |   3242 |      0 |    702 |     55 |  12 |  270.2 |
      Ziggurat |   2128 |   2128 |      0 |   1032 |    122 |  18 |  118.2 |
         Trove |     43 |     43 |      0 |      0 |      1 |   1 |   43.0 |
      Ice Cave |   3412 |   3412 |      0 |   1604 |    750 |   1 | 3412.0 |
       Volcano |    764 |    764 |      0 |    278 |    298 |   1 |  764.0 |
    Desolation |   1219 |   1219 |      0 |    129 |    582 |   1 | 1219.0 |
               +--------+--------+--------+--------+--------+-----+--------+

Top non-repeatable levels by time:
Depths:3: 3816 daAuts
Depths:2: 3750 daAuts
   Orc:2: 3701 daAuts
   IceCv: 3412 daAuts
Vaults:1: 2929 daAuts
  Lair:1: 2649 daAuts
Vaults:5: 2448 daAuts
    D:10: 2348 daAuts
    D:11: 2342 daAuts
  Lair:2: 2265 daAuts
  Lair:5: 2205 daAuts
Depths:1: 2188 daAuts
   Zot:2: 2125 daAuts
    D:15: 2063 daAuts
 Snake:2: 2018 daAuts
